Workbook
Name _1_b_1: #REF!
Name _1Excel_BuiltIn_Print_Area_1_1: #REF!
Name _2_m_1: #REF!
Name _3Excel_BuiltIn_Print_Area_2_1: #REF!
Name _b: #REF!
Name _DAT1: #REF!
Name _DIA1: #REF!
Name _DIA2: #REF!
Name _EE1: #REF!
Name _GT1: #REF!
Name _GTO1: #REF!
Name _INC1: #REF!
Name _INI1: #REF!
Name _m: #REF!
Name _MA1: #REF!
Name _MES1: #REF!
Name _RC: #REF!
Name _Toc124048707_1: '[1]Todo Riesgo Daños Materiales'!#REF!
Name _Toc124048707_1: 'Todo Riesgo Daños Materiales'!#REF!
Name A: #REF!
Name A_impresión_IM: #REF!
Name A_impresión_IM: #REF!
Name anos: #REF!
Name AÑO: #REF!
Name AÑO1: #REF!
Name AÑO2: #REF!
Name APC: #REF!
Name APCOLECTIVO: #REF!
Name APESCOLAR: #REF!
Name ASEG: #REF!
Name AU: #REF!
Name B: #REF!
Name BASE: #REF!
Name BBB: #REF!
Name BuiltIn_AutoFilter___10: #REF!
Name BuiltIn_AutoFilter___10: #REF!
Name BuiltIn_AutoFilter___10_1: #REF!
Name BuiltIn_AutoFilter___11: #REF!
Name BuiltIn_AutoFilter___12: #REF!
Name BuiltIn_AutoFilter___4: #REF!
Name BuiltIn_AutoFilter___5: #REF!
Name BuiltIn_AutoFilter___5_1: #REF!
Name BuiltIn_AutoFilter___6: #REF!
Name BuiltIn_AutoFilter___7: #REF!
Name BuiltIn_AutoFilter___9: #REF!
Name BuiltIn_AutoFilter___9_1: #REF!
Name BuiltIn_AutoFilter___9_2: #REF!
Name CASCO1: #REF!
Name COLECTIVO: #REF!
Name COLECTIVOS: #REF!
Name COM: #REF!
Name CONS: #REF!
Name CONS1: #REF!
Name CRITE: #REF!
Name CU: #REF!
Name DATOS: #REF!
Name DATOS1: #REF!
Name DATOS11: #REF!
Name DIA: #REF!
Name DIRECTORES: #REF!

Sheet Todo Riesgo Daños Materiales
A1: ANEXO Nº 1 (ESPECIFICACIONES TECNICAS POLIZA TODO RIESGO DANO MATERIAL)
A2: TOMADOR: | B2: RED SALUD ARMENIA E.S.E
A3: ASEGURADO: | B3: =B2 -> RED SALUD ARMENIA E.S.E
A4: BENEFICIARIO: | B4: =B3 -> RED SALUD ARMENIA E.S.E
A5: NIT: | B5: 801.001.440-8
A6: PROCESO | B6: PROCESO DE CONTRATACION SIMPLIFICADA O INVITACION
A7: POLIZA: | B7: TODO RIESGO DAÑOS MATERIALES
A8: VIGENCIA: | B8: =C24 -> 20000000
A9: CONDICIONES MINIMAS REQUERIDAS OBLIGATORIAS
A10: BIENES ASEGURADOS | B10: VALOR ASEGURABLE | C10: VALOR ASEGURADO | D10: PROPUESTA DE LA COMPAÑÍA
D11: TASA | E11: PRIMA SIN IVA
A12: EDIFICIOS | B12: ='RELACION DE BIENES '!E4 -> 3.9739671e+10 | C12: =B12 -> 3.9739671e+10
A13: CONTENIDOS | B13: ='RELACION DE BIENES '!E5 -> 1.4376252e+09 | C13: =B13 -> 1.4376252e+09
A14: EQUIPOS ELECTRICOS Y ELECTRONICO | B14: ='RELACION DE BIENES '!E6 -> 2772757892 | C14: =B14 -> 2772757892
A15: EQUIPOS MOVILES Y PORTATILES | B15: ='RELACION DE BIENES '!E7 -> 357170000 | C15: =B15 -> 357170000
A16: LICENCIAS Y SOFTWARE | B16: ='RELACION DE BIENES '!E8 -> 499437230 | C16: =B16 -> 499437230
A17: MAQUINARIA Y EQUIPO Consistente principalmente pero no limitado a: Maquinaria, equipo, maquinaria y equipo subestaciones electricas, plantas de emergencia, calderas, ascensores, motores electricos, montacargas, aire acondicionado central, aire acondiconado de cada oficina, motobombas, transformadores y equipos similares, propios y/o bajo la responsabilidad del asegurado aunque no se especifiquen y demás bienes aunque no se hayan determinado específicamente. Incluye muebles y enseres Hospitalarios) | B17: ='RELACION DE BIENES '!E9 -> 1228971383 | C17: =B17 -> 1228971383
A18: EQUIPO BIOMEDICO | B18: ='RELACION DE BIENES '!E10 -> 2770603120 | C18: =B18 -> 2770603120
A19: INSTRUENTOS MEDICOS QUIRURGICOS Y DE LABORATORIO | B19: ='RELACION DE BIENES '!E11 -> 224150191 | C19: =B19 -> 224150191
A20: MERCANCIAS (FRIGORIFICOS O BIENES REFRIGERADOS) | B20: ='RELACION DE BIENES '!E12 -> 450000000 | C20: =B20 -> 450000000
A21: HABITACULOS AMBULANCIAS | B21: ='RELACION DE BIENES '!E13 -> 615689252 | C21: =B21 -> 615689252
A22: BIENES RECIBIDOS EN COMODATO | B22: ='RELACION DE BIENES '!E14 -> 1586372460 | C22: =B22 -> 1586372460
A23: VEHICULOS INMOVILIZADOS | B23: ='RELACION DE BIENES '!E15 -> 187202000 | C23: =B23 -> 187202000
... A26: ADECUACION DE TERRENOS (10% VALOR DE EDIFICIOS) | B26: ='RELACION DE BIENES '!E18 -> 3.9739671e+09 | C26: =B26 -> 3.9739671e+09
A27: Totales | B27: =SUM(B12:B26) -> 6.1824567e+10 | C27: =B27 -> 6.1824567e+10
A28: Total Indice Variable 5% | B28: =SUM(B12+B13+B14+B15+B17+B18+B19+B21+B22)*5% -> 2.5366505e+09 | C28: =B28 -> 2.5366505e+09
A29: TOTAL | B29: =B27+B28 -> 6.4361218e+10 | C29: =C27+C28 -> 6.4361218e+10
A30: PRIMA NETA
A31: IVA
A32: TOTAL
A33: OBJETO DEL SEGURO | B33: Amparar las pérdidas y/o daños materiales que sufran los bienes de propiedad del ASEGURADO, o que esten bajo su responsabilidad, tenencia o control y en general dados y recibidos a cualquier título y/o por los que tenga algún interés asegurable.
A34: COBERTURA OBLIGATORIA
A35: MODALIDAD DE LA POLIZA: TODO RIESGO PERDIDA Y/O DAÑO MATERIAL CON EXCLUSIONES La aseguradora se obliga a indemnizar al asegurado los daños y/o pérdidas que sufran los intereses asegurados, así como los costos y/o gastos en que incurra, o todos combinados, como consecuencia de los riesgos que a continuación se enuncian y sujeto a los riesgos excluidos: Todo riesgo para las pérdidas y/o daños materiales que sufran los intereses asegurados por cualquier riesgo y/o causas, incluidos, pero no limitados a: Incendio, explosión, anegación, daños por agua; extended coverage; daños a calderas o aparatos generadores de vapor, huelga, asonada, motín, conmoción civil o popular, actos malintencionados de terceros, incluidos sabotaje y los actos terroristas, cometidos o no por movimientos subversivos (tomas a poblaciones, municipios y ciudades y los actos de la autoridad para repelerlos; también se amparan las pérdidas materiales que sufran los bienes asegurados causados directa o indirectamente por cohetes, misiles o similares); terremoto, temblor y/o erupción volcánica, maremoto, tsunami, y/o eventos de la naturaleza tales como ciclón, huracán, tempestad, vientos, inundación, desbordamiento, alza en el nivel de aguas y enfangamiento, hundimiento, deslizamiento del terreno, derrumbes, ludes, desprendimiento de tierra y rocas, y las pérdidas y/o daños consecuenciales originados por tales fenómenos los cuales sean consecuencia de un hecho súbito, accidental e imprevisto cubiertos en la póliza ; daño interno de equipos eléctricos y electrónicos: coberturas de todo riesgo daño material por rotura de maquinaria y equipos eléctricos y electrónicos (explosión física o química interna, caída directa de rayo, rotura debido a fuerza centrifuga, cuerpo extraños, acción directa de la energía eléctrica y/o rayo, impericia, descuido, negligencia; sabotaje individual; error de diseño, defecto de mano de obra, falta de agua en aparatos generadores de vapor, otros accidentes ocurridos a los equipos por causas no expresamente excluidas en la póliza); rotura de vidrios, sustracción con violencia y sustracción sin violencia, y demás amparos y/o cobertura que no se encuentren expresamente excluidas. La cobertura de Hurto simple y calificado se extiende a amparar los equipos moviles y portatiles , kit de emergencias, herramientas, equipos y similares dentro y/o fuera de los predios del asegurado y en aquellos donde ejerza su actividad y cuando estan siendo transportados en vehiculos del asegurado, de sus empleados y/o de terceros contratistas y/o subcontratistas del mismo.
A36: BIENES ASEGURADOS( INTERES ASEGURABLE) OBLIGATORIA
A37: Todos los bienes de propiedad real o personal del ASEGURADO, o en los que tuviere interés asegurable , o los recibidos a cualquier titulo, los tomados en arriendo, los recibidos en dación de pagos o los recibidos a cualquier titulo, comodato, los de terceros o aquellos por los cuales sea o pueda llegar a ser responsable, que se encuentren bajo su cuidado, control y custodia, utilizados en el desarrollo del objeto social del asegurado, consistentes principalmente en, pero no limitados a : edificios, estructuras, cimientos, muros de contención, cercas, escaleras externas, vidrios planos, patios, estacionamientos, vías de acceso, otras construcciones separadas de las edificaciones, instalaciones subterráneas, instalaciones eléctricas, de cableado estructural, de aires acondicionados, electrónicas, de comunicación, para conducción de gas sean o no subterráneas, tuberías. conductos, desagües, y en general todo tipo de instalación y equipos que se encuentren por debajo del nivel del suelo, instalaciones fijas de protección contra incendio, instalaciones eléctricas, alarmas, cámaras y circuitos cerrados de televisión, maquinaria, equipos, herramientas, ascensores, subestaciones y /o plantas eléctricas, motores, transformadores, discos duros, muebles e inmuebles de todo tipo y descripción. enseres, equipos de construcción, aviso, , equipos de oficina, de procesamiento de datos, equipos de comunicación, de audiovisuales, de sistemas, de laboratorios, equipos de hospitalización, equipos de apoyo, equipos de diagnostico, equipos de apoyo terapéutico, equipos médicos y científicos, instrumental médico mejoras locativas (acabados y obras realizadas en el edificio, mercancías, repuestos, insumos, armas de fuego, equipos móviles y portátiles, vehículos inmovilizados ( en reposo), dinero en efectivo, medallas, plata labrada, obras de arte, estatuas, frescos, colecciones, y muebles que tengan valor artístico, científico e histórico, manuscritos, planos, croquis, patrones, sellos, monedas, libros de comercio, títulos valores y billetes de bancos, instrumentos musicales, equipos de sonidos, bienes que por su naturaleza deben permanecer a la intemperie televisores, equipos de video, cámaras fotográficas, electrodomésticos, equipos para el manejo y movilización de materiales, camillas, papelería, y demás bienes que aunque no hayan sido mencionados específicamente se encuentren localizados dentro o fuera de los predios asegurados y/o donde el asegurado desarrolle su actividad dentro del territorio de la republica de Colombia..
A38: DIRECCION UBICACIÓN RIESGOS | B38: Avenida Montecarlo Urb. Guaduales de la Villa,Armenia - Quindio y demas riesgos donde el asegurado ejerce su actividad, aunque no esten determinados especificamente ubicados en el territorio Colombiano.
A39: COBERTURAS SUBLIMITADAS
A40: Terremoto, temblor, erupcion volcanica | B40: 1
A41: Actos Mal intencionados de terceros ,sabotaje , Terrorismo, Huelga, Motín, Asonada, conmoción o popular. | B41: 1
A42: SUSTRACCION CON Y SIN VIOLENCIA
A43: Consistente principalmente pero no limitado a: Muebles enseres, herramienta, maquinaria, Repuestos, mercancias, Mercancias propias y en consignacion, inventarios de medicamentos de almacen y farmacia, | B43: 6622830000 | C43: =B43 -> 6622830000
A44: DINERO EN EFECTIVO (Dentro y o fuera de caja fuerte) | B44: 20000000 | C44: =B44 -> 20000000
A45: EQUIPOS MOVILES Y PORTATILES | B45: =B15 -> 357170000 | C45: =B45 -> 357170000
A46: TOTAL SUSTRACCION | B46: =SUM(B43:B45) -> 7000000000 | C46: =B46 -> 7000000000
A47: ROTURA DE MAQUINARIA | B47: =B17 -> 1228971383 | C47: =C14 -> 2772757892
A48: TODO RIESGO SUSTRACCION (Para equipos medicos y equipos manuales de dotacion en ambulancia) con sublimite de | B48: 200000000
A49: CONVENIO PARA EL PLAZO DEL PAGO DE LA PRIMA: No obstante cualquier estipulación en contrario, por la presente cláusula se deja establecido que, de acuerdo con lo estipulado en el artículo 81 de la Ley 45/90 y la Resolución numero 03750 de Diciembre 31/74 de la Superintendencia Financiera, las partes contratantes convienen que las primas causadas por el presente Contrato de seguros y los Certificados o Anexos que se emitan en aplicación al mismo serán pagadas por EL ASEGURADO en NOVENTA (90) días a partir de la fecha en que el respectivo documento sea recibido en sus oficinas, directamente por la Aseguradora y/o por el intermediario de seguros, quien deberá certificar haber recibido a satisfacción las respectivas pólizas en las condiciones contratadas; Si las pólizas no han sido correctamente elaboradas, el término para el pago solo empezará a contarse desde la fecha en que se presenten en debida forma. La demora en el pago originada por la presentación incorrecta de los documentos requeridos será responsabilidad del contratista y no tendrán por ello derecho al pago de intereses o compensación de ninguna naturaleza o a la aplicación de la terminación del contrato por mora en el pago de la prima.
A50: DOCUMENTO PARA SUSTENTAR RECLAMO: Para la demostración de la propiedad de los bienes del asegurados, La Entidad. aportará la factura de compra o en su defecto la certificación expedida y firmada por el jefe del departamento de Gestión de Servicio Administrativo o quien haga sus veces donde conste que el bien materia del siniestro se encontraba incluido en su sistema de inventarios. En los casos de hurto el asegurado aportará copia al carbón del denuncio o fotocopia SIMPLE de este o en su defecto una constancia de la fiscalía de que conoce el caso.
A51: FORMATO: ACEPTACION CLAUSULAS Y CONDICIONES OBLIGATORIAS
A52: GARANTIAS: La compañía Aseguradora acepta como cumplimiento de garantía, el mantenimiento preventivo y correctivo realizado a los equipos y/o instalaciones directamente por empleados del asegurado o personal a su servicio siempre y cuando este mantenimiento este de acuerdo con las instrucciones del mantenimiento del fabricante del equipo. con Excepto los equipos en garantía para los cuales será prestado por el proveedor o fabricante cuando así lo exija el contrato.
A53: La cobertura de sustraccion con violencia para equipos electronicos se extiende a amparar las areas y oficinas internas de RED SALUD ARMENIA E.S.E, se aclara que se aseguran bienes de terceros recibidos en comodato por la entidad. se aclara que se aseguran bienes de terceros recibidos en comodato por la entidad.
A54: Queda expresamente declarado y convenido que dentro de los contenidos se amparan mercancìas azarosas necesarias para el normal funcionamiento del establecimiento.
A55: DEDUCIBLES PARA EQUIPOS MOVILES: El deducible que figura en la póliza para equipos móviles y portátiles solo opera cuando dichos bienes se encuentran fuera de los predios descritos en la póliza. En los demas casos se aplicará el que corresponda a los equipos dentro de los predios.
A56: HURTO CALIFICADO Y HURTO EN PREDIOS: Queda convenido que la definición de establecimiento comprende los predios que forman parte de dicho establecimiento así no esté descrito en la presente poliza.
A57: HURTO SIMPLE: Para equipos móviles fuera de los predios del asegurado.
A58: TERREMOTO, TEMBLOR Y ERUPCION VOLCANICA, MAREMOTO, TSUNAMI : SE AMPARA AL 100% MENOS EL DEDUCIBLE RESPECTIVO
A59: SE AMPARAN LOS HUNDIMIENTOS, DESPLAZAMIENTOS, AGRIETAMIENTOS O ASENTAMIENTOS DE CIMIENTOS, MUROS, PISOS, TECHOS Y PAVIMENTOS, VIBRACIONES O MOVIMIENTOS NATURALES DEL SUELO, SIEMPRE Y CUANDO SEAN CONSECUENCIA DE UN HECHO ACCIDENTAL, SUBITO E IMPREVISTO CUBIERTO EN LA PÓLIZA
A60: BIENES A LA INTEMPERIE: Se ampara todo tipo de bien de propiedad del asegurado y/o bajo su responsabilidad, cuidado, tenencia o control que por su naturaleza deban permanecer a la intemperie. Tales como pero no limitados a: cercas, avisos, vallas y similares. SUBLIMITE $500.000.000
... A107: REVOCACIÓN, NO RENOVACIÓN O MODIFICACIONES DE LA PÓLIZA Y SUS ANEXOS: La Aseguradora deberá dar aviso por escrito aL ASEGURADO, con una anticipación de TREINTA (90) días en caso que decida modificar, revocar o no renovar esta póliza y/o alguno de sus amparos adicionales o modificar cualquiera de sus condiciones. En caso de revocación la aseguradora devolverá al asegurado, la proporción de prima correspondiente al tiempo que falte para el vencimiento de la Póliza, liquidada a prorrata. Para HMACC AMIT TERRORISMO Aplican 10 días. Si la revocación es solicitada por EL ASEGURADO , la Aseguradora devolverá el valor de la prima no corrida del riesgo, liquidada a Prorrata
A108: VALORES ASEGURADOS GLOBALES: (PARCIALES SOLO PARA LIQUIDACION DE RECLAMOS POR TERREMOTO) Se deja aclarado y convenido que los proponentes que participen en la presente solicitud de ofertas, aceptan el manejo de valores asegurados globales. | E108: =200/28 -> 7.1428571
A109: DAÑOS POR TERREMOTO : Las pérdidas o daños por terremoto, temblor y/o erupción volcánica se indemnizarán al 100 % del valor asegurado (el cual incluye el mayor valor por adecuación a la normatividad vigente sobre sismo resistencia) menos el deducible respectivo, y siempre hasta el límite asegurado. También se amparan tanques, cimientos, muros de contención, bienes por debajo del nivel de la superficie, toldos, avisos, chimeneas, escaleras exteriores, patios, aceras y muros de cerramiento y cualquier otra construccion separada, cualquier clase de fresco o murales que , como motivo de decoracion o de ornamentacion , esten pintados o formen parte de la edificacion, incluidos dentro del valor asegurado. | E109: =200/28 -> 7.1428571
A110: La cobertura se extiende a cubrir torres, toldos, avisos, chimeneas, aditamentos temporales de los techos, o de techos de paja, madera o carton. Edificio (los contenidos de los mismos en curso de construccion , de reconstruccion. | E110: =200/28 -> 7.1428571
A111: AMPARO DE EXTENDED COVERAGE, ( ampliacion de la cobertura): La presente póliza se extiende a cubrir las pérdidas ó daños a la propiedad asegurada causados por avenidas, inundaciones, enlodamiento, corrimientos de tierra, desprendimiento de tierra o de rocas, hundimientos, desplazamientos, agrietamientos y asentamiento de muros, pisos, techos, túneles, galerías, pavimentos, cimientos ó similares, ocasionados por eventos amparados en la poliza | E111: =200/28 -> 7.1428571
A112: MAQUINARIA , HERRAMIENTAS, EQUIPO MOVIL Y PORTATIL FUERA DE LOS PREDIOS: Ampara las perdidas o daños que sufra la maquinaria, herramientas y equipo, movil o portatil como consecuencia directa de cuaoquiera de los eventos cubiertos contratados por el asegurado, Incluido el hurto simple. | E112: =200/28 -> 7.1428571
A113: NO TASACION DE LA PROPIEDAD DAñADA: En caso de siniestro cuando la cuantia reclamada sea igual inferior a $ 50.000.000, no se realizara tasacion de la propiedad danada. | E113: =200/28 -> 7.1428571
A114: FRIGORIFICOS: Se cubre las perdidas y daños ocasionados a los productos que se encuentren dentro de las camaras frigorificas, por falta de funcionamiento de los aparatos frigorificos, por mas de 48 horas consecutivas, causado directamente por cualquiera de los eventos amparados en la poliza. | E114: =200/28 -> 7.1428571
A115: MODIFICACIONES A FAVOR DEL ASEGURADO : Se amparan automaticamente los nuevos predios y oficinas durante el periodo de la poliza sin cobro de prima, siempre que estos se encuentren dentro del limite territorial establecido y mientras se mantengan como minimo las mismas protecciones de seguridad informadas a los reasegiuradores bajo los terminos acordados. | E115: =200/28 -> 7.1428571
A116: AUTORIZACION PARA REPARACIONES TEMPORALES: HASTA POR LA SUMA DE $ 1.000.000.000: No obstante cualquier estipulación en contrario en las condiciones generales y particulares de la póliza se autoriza al asegurado para efectuar las alteraciones y/o reparaciones temporales tendientes a disminuir la pérdida transitorias. | E116: =200/28 -> 7.1428571
A117: Se ampara la apropiación por terceros de los bienes asegurados durante el siniestro o después del mismo. Hasta por las suma de $200,000,000
A118: COBERTURA GASTOS PARA REINSTALACIÓN DE SOFTWARE, como consecuencia de un evento amparado bajo la póliza. Sublímite de $200.000.000 Bajo este amparo se cubren los gastos en que debe incurrir el asegurado para la reinstalación y/o recuperación del software, incluidas pruebas y ajustes, los cuales se generen como consecuencia de daños o pérdidas producidas por un evento amparado en la póliza.
A119: DAÑOS POR VEHÍCULOS PROPIOS: No obstante lo que en contrario se diga en las condiciones generales de la póliza o en sus anexos, mediante la presente cláusula se amparan las pérdidas o daños materiales de los bienes descritos en la misma, causados directa o indirectamente por vehículos, cuyo propietario o conductor sea el asegurado, contratista, subcontratista, arrendatario, usufructuario o tenedor de los bienes amparados.
A120: COBERTURA DE CONJUNTOS: Si como consecuencia de un riesgo amparado por la póliza, una máquina, pieza ó equipo integrante de un conjunto, sufre daños que no permitan su consecución, reparación ó reemplazo y debido a ellos, las demás partes ó componentes no afectados, no pueden ser utilizados ó no pueden seguir funcionando, la póliza en un todo de acuerdo con sus cláusulas y condiciones, indemnizará el valor asegurado de la totalidad del conjunto inutilizado.
A121: PARA LOS SIGUIENTES AMPAROS ADICIONALES SUBLIMITADOS NO HAY APLICACIÓN DE DEDUCIBLE OBLIGATORIA
A122: AMPAROS ADICIONALES SUBLIMITADOS
A123: GASTOS PARA LA OBTENCION DE LICENCIAS Y PERMISOS PARA RECONSTRUIR EL EDIFICIO: Se cubre el costo razonable de los honorarios y materiales necesarios pra obtener las licencias y permisos necesarios para reconstruir el edificio, siempre y cuando dichos gastos se hayan generado en conexion con cualquier perdida o dano amterial indemnizable a los bienes inmuebles asegurados bajo la poliza, hasta por la suma de $500.000.000. | C123: REMOCION DE ESCOMBROS: Los gastos en quen incurra el asegurado para la remocion de escombros o el desmantelamiento, demolicion o apuntalamiento de la parte o parte de los bienes amparados que hayna sido danados o destruidos a consecuencia de la realizacion de cualquier riesgo cubierto bajo la presente polizas, hasta por la suma de: $2.000.000.000.
A124: PROPIEDAD PERSONAL DE EMPLEADOS ( Excluye vehiculos, joyas y dinero), Ampara las perdidas o danos materiales que sufran los bienes de propiedad de los empleados del asegurado, excluyendo especificamente vehiculos, joyas, dinero, como consecuencia de cualquier evento amparado bajo la presente poliza hasta la suma de: $10.000.000 PERSONA Y $100.000.000 VIGENCIA. | C124: GASTOS PARA LA DEMOSTRACION Y CUANTIFICACION DE LA PERDIDA : Se cubren los gastos y costos en que necesaria y nrazonablemente incurra el asegurado, para la demostracion de lan ocurrencia y cuantia del siniestro, distintos a los que constituyen costos o gastos fijos de su propia organizacion o los necesarios para la actualizacion de la contabilidad, hasta la suma de: $500.000.000.
A125: GASTOS PARA LA EXTINCION Y EVITAR LA PROPAGACION DEL SINIESTRO: Gastos en que incurra el asegurado por la utilizacion de productos y sustancias dirigidas a la extincion del siniestro o evitar su propagacion, asi como los elementos o equipos dstaruidos total o parcialmente como consecuencia de la actividad dirigida a este proposito, hasta la suma de: $2.000.000.000. | C125: GASTOS PRESERVACION DE BIENES: se amparan los gastos en que incurra el asegurado, por las medidas en que necesaria y razonablemente adopte, como consecuencia del siniestro con el el fin de efectuar reparaciones o construcciones provisionales o transitorias siempre y cuando se efectuen con el proposito de salvar, preservar, o conservar los bienes asegurados, hasta por la suma de: COL$ 500.000.000.
A126: HONORARIOS PROFESIONALES INCLUIDOS VIAJES DE ESTADIA: Se reconoce el costo de honorarios, incluyendo los gastos de viaje y estadia diferentes a los que normalmente forman parte de una indemnizacion, bajo la cobertura otorgada, de tecnicos, expertos, interventores, ingenieros, consultores, arquitectos u otros profesionales para la planificacion, reconstruccion, reposicion, reeemplazo, reparacion de los bienes e intereses asegurados, sin exceder de las tarifas autorizadas por las respectivas agremiaciones o colegios profesionales y, a falta de uno u otras de las que sean usuales o comunes. En las mismas condiciones que para las anteriores, la Compania indemnizara los honorarios de auditores, revisores, contadores, para obtener y certificar la informacion de la contabilidad del establecimiento y demas informacion documentos y testimonios que sean requeridos en una reclamacion, Hasta la suma de$500.000.000 . | C126: FLETE AEREO: Se reconocen los gastos adicionales por concepto de flete aero siempre y cuando dichos gastos se generen en conexion con cualquier perdida o dano indemnizable respecto de los bienes amparados, hasta por la suma de: $500.000.000.
A127: AMPARO AUTOMATICO PARA EQUIPOS EN DEMOSTRACION HASTA POR LA SUMA DE $ 250.000.000. Cubre todos los equipos que teniendo relacion con la actividad desarrollada por el asegurado, este reciba, durante la vigencia de la poliza bajo su responabilidad a titulo de demsotracion y que dichos equipos asegurados se encuentren dentro de los predios o establecimientos asegurados, donde el asegurado ejerza su actividad, siempre y cuando no impliquen agravacion del riesgo y en los mismos terminos y condiciones establecidas en la póliza. | C127: ROTURA DE VIDRIOS: Incluyendo los generados por Hmacc, Amit y terrorismo , hasta la suma de: $500.000.000.
A128: GASTOS POR REPOSICION DE INFORMACION, ARCHIVOS Y DOCUMENTOS: HASTA POR $ 250.000.000: Se cubre la reproducción ó reemplazo de la información contenida en documentos manuscritos, planos, cintas magnéticas, sistemas electrónicos de procesamiento de datos y demás sistemas de almacenamiento de información, archivos de contabilidad y registros, incluyendo el arrendamiento de equipos y el pago de digitadores, programadores de sistemas, ingenieros y dibujantes, entre otros, necesarios para recopilar o reconstruir de nuevo toda la información destruida, averiada o inutilizada de la contabilidad por el limite estipulado en la póliza. | C128: GASTOS DE SALVAMENTO, PRESERVACION O MANTENIMIENTO DE LOS BIENES ASEGURADOS: Se amparan los gastos en que incurra el asegurado, por las medidas en que necesaria y razonablemente adopte, como consecuencia del siniestro con el el fin de efectuar reparaciones o construcciones provisionales o transitorias siempre y cuando se efectuen con el proposito de salvar, preservar, o conservar los bienes asegurados, hasta por la suma de: $2.000.000.000
A129: SEGURO PORTADOR EXTERNO DE DATOS (excluye software) Ampara las perdidas o danos materiales que sufran los portadores externos de datos, excluyendo la informacion en ellos contenidas, que se hallen dentro y/o fuera de los predios asegurados como consecuencia directa de cualquiera de los eventos amparados bajo la presente poliza HASTA LA SUMA DE: $250,000,000 | C129: FRIGORIFICOS O BIENES REFRIGERADOS $450.000.000 para todos lo predios del asegurado.
A130: LABORES Y MATERIALES, CONSTRUCCIONES Y ALTERACIONES EN CURSO A PROPIEDAD EXISTENTE: $ 500.000.000, No obstante cualquier estipulación en contrario en las condiciones generales de la póliza se autoriza al asegurado para efectuar las alteraciones y/o reparaciones dentro del riesgo, que juzgue necesarias para el funcionamiento de la industria o negocio. En este caso el asegurado estará obligado a avisar por escrito a la compañía dentro de los sesenta (120) días comunes contados a partir de la iniciación de estas modificaciones para conservar el amparo, siempre y cuando la modificación y/ó alteración agrave el riesgo asegurado y tenga una relación de causalidad con el origen del daño. | C130: COBERTURA AUTOMÁTICA PARA EQUIPOS DE REEMPLAZO AVISO DE 60 DIAS, hasta $ 250.000.000: En adición a los términos y condiciones contenidos en la presente póliza y sus anexos, ésta se hace extensiva a amparar todos aquellos equipos que sean instalados en reemplazo de los asegurados inicialmente, mientras dure el período de reacondicionamiento, revisión, mantenimiento y fines similares. Así mismo se cubren automáticamente los nuevos equipos de su propiedad ó por los que sea responsable y los cuales se instalen para reponer o reemplazar los asegurados bajo la póliza.
A131: TRASLADO TEMPORAL DE BIENES DE CUALQUIER NATURALEZA TEMPORAL. $ 500.000.000 : Los bienes de cualquier naturaleza amparados por esta póliza que sean trasladados temporalmente dentro de los establecimientos asegurados, o a otros sitios diferentes a los predios del asegurado, para reparación, limpieza, renovación, acondicionamiento, revisión, mantenimiento, dados en arrendamiento ó comodato, o fines similares, estarán amparados por los mismos eventos cubiertos en la poliza y sus anexos de acuerdo a sus respectivas condiciones, mientras estén en tránsito para tales fines y durante el período que permanezca en dicho otro sitio en el territorio de la República de Colombia. | C131: AMPARO AUTOMÁTICO DE BIENES, NUEVOS PREDIOS Y PROPIEDADES: En caso que el asegurado adquiera a cualquier título algún interés asegurable sobre bienes similares a los amparados bajo la presente póliza, estén o no trabajando, o hayan sido desmontados para reparación, limpieza, revisión, reacondicionamiento o cuando sean desmontados, trasladados, montados y probados en otro lugar del predio mencionado, la cobertura otorgada por ella y por sus amparos adicionales, automáticamente se extenderá a dichos bienes. En este caso el asegurado estará obligado a avisar por escrito a la compañía dentro de los sesenta (30) días calendarios contados a partir de la fecha de su adquisición para el correspondiente cobro de prima, siempre y cuando el valor total de reposición de dichos bienes no sea superior a COL $ 1.000.000.000.
A132: CLAUSULAS PARTICULARES OPCIONALES REQUERIDAS | D132: S/N/D | E132: PUNTOS
A133: COBRO POSTERIOR DE DEDUCIBLE: Se conviene entre las partes y no obstante lo establecido en las condiciones generales de la Póliza y sus anexos, que la Aseguradora, por solicitud expresa del Asegurado no deducirá, ningún porcentaje del valor total de la respectiva indemnización, cuando esta se efectúe a una tercera persona, natural o jurídica, distinta al asegurado, según las cláusulas de pago de indemnizaciones. Igualmente se conviene, que el Asegurado pagará a la Aseguradora con base en la cuenta que se presentará oportunamente y dentro de los NOVENTA (90) días contados a partir del recibo de las facturas en sus dependencias, el monto ó porcentaje de la indemnización, correspondiente al deducible que quede a su cargo.
A134: COBERTURA DE CADENAS Y CINTAS TRANSPORTADORAS: La cobertura se extiende a cubrir las perdidas de o daños a cadenas y cintas transportadoras, siempre y cuando tales perdidas de o daños sean causados pro un accidente indemnizable bajo la presente póliza.
A135: PARA LAS COBERTURAS DE ROTURA DE MAQUINARIA Y EQUIPO ELECTRÓNICO, ESTE SEGURO SE EXTIENDE A PAGAR EL IMPORTE DE LA PRIMA DEL SEGURO DE TRANSPORTE QUE EL ASEGURADO DEBA TOMAR PARA AMPARAR LA MAQUINARIA DAÑADA O AFECTADA POR EL SINIESTRO AMPARADO, DURANTE EL TRASLADO DE ESTA AL TALLER EN DONDE SE LLEVARA A CABO LA REPARACIÓN Y DE AQUÍ A SU LUGAR DE MONTAJE ORIGINAL. NO SE OTORGA. EXCLUYE LOS DAÑOS O PÉRDIDAS DURANTE, EL TRANSPORTE, CARGUE Y DESCARGUE.
A136: ASONADA, MOTIN, CONMOCION CIVIL O POPULAR, HUELGA, CONFLICTOS COLECTIVOS DE TRABAJO, ACTOS MAL INTENCIONADOS DE TERCEROS, INCLUYENDO LOS ACTOS TERRORISTAS Y DE MOVIMIENTOS SUBVERSIVOS : No obstante lo establecido en las condiciones generales de la póliza ó de sus anexos, se deja constancia que los hechos cometidos por movimientos subversivos o terroristas, incluyendo los eventos de guerra, rebelión, sedición, revolución, insurrección, usurpación ó toma del poder militar serán considerados dentro de esta cobertura. Este amparo se concede a todos los predios asegurados donde estén ubicados en el Territorio Colombiano, dentro o fuera del perímetro urbano de cualquier ciudad o población. Se cubren los daños causados por o a consecuencia de asonada según su definición en el código penal, Motín o Conmoción civil o popular, huelgas, conflictos colectivos de trabajo, suspensión de hecho de labores; actos mal intencionado de terceros que incluyen actos de cualquier naturaleza cometidos por movimientos subversivos. Se hace constar que estas coberturas se extienden a cubrir los daños que se causen mediante el uso de cohetes, misiles y proyectiles en general, sean estos fabricados mediante el uso de tecnología especializadas en armas de este tipo, o a partir de elementos adaptados para tal propósito, tales como cilindros, tubos, recipientes o cualquier otro elemento que inicialmente hayan sido diseñados para un propósito diferente. Así mismo se cubre la toma a poblaciones y/o municipio. Los daños ocasionados por estos eventos, deben ser indemnizados directamente por la aseguradora sin exigencia al asegurado de reclamarle al estado u organo competente que lo represente.
A137: COBERTURA DE CABLES METALICOS Y CABLES NO ELECTRICOS: La cobertura se extiende a cubrir las perdidas de o daños a cables metálicos y cables no eléctricos, siempre y cuando tales perdidas de o daños sean causados por un accidente indemnizable bajo la presente póliza
A138: EQUIPOS DESCONTINUADOS: Para aquellos equipos que ya no se fabrican y que por lo tanto ya no se encuentran en el mercado, para efectos del valor asegurado este se entenderá como el valor real del modelo del equipo que lo reemplace , producido por el mismo fabricante.
A139: NO APLICACION DE DEMERITO PARA REBOBINADO O NUCLEOS DE EQUIPO ELECTRONICO Y/O ELECTRICO.
A140: MARCAS DE FABRICA: La aseguradora no podra exigir la enajenacion o entrega de los bienes objeto del salvamento, en aquellos casos en que, de hacerlo, se creen conflictos o se produzcan perjuicios para el asegurado, en razon del secreto industrial o la proteccion de marcas . En virtud del presente anexo , si cualquier propiedad asegurada que sufriere perdida o dano proveniente de los riesgos amparados por la poliza y sus anexos, ostentan marcas de fabrica, placa, rotulos, etiquetas, sellos, u otras indicaciones similares que signifiquen o representen en cualquier forma garantia de la calidad del producto o comprometan la responabilidad del asegurado o alteren la buena presentacion del producto, el alcance de dicha perdida o dano se determinara asi: A-) Si el asegurado puede reacondicionar tal propiedad a igual calidad y clase a la que tenia antes del siniestro, la cuantia de la indemnizacion sera el costo de dicho reacondicionamiento. B-) Si no puede reacondicionar tal propiedad, la cuantia de la indemnizacion sera el costo total de lo afectado. C-) La aseguradora podra disponer del salvamento siempre que previamente y a su costa retire o remueva completa y totalmente de la propiedad perdida o danada las marcas de fabrica, placas, rotulos, etiquetas, sellos u otras indicaciones que ostente. D-) La aseguradora no podra disponer del salvamenteo sin la autorizacion previa del asegurado.
A141: OTROS REEMBOLSOS: Se reconoceran los gastos en que razonablemente incurra el asegurado para alquiler de inmuebles, equipos y maquinaria temporal siempre que todo se efectue con el fin de salvar, preservar o conservar los bienes amparados, hasta por la suma de $ 100.000.000
A142: AMPARO DE HURTO DE ELEMENTOS Y PARTES DE EDIFICIOS: Se amplia la cobertura para cubrir el hurto de elementos y partes de las edificaciones aseguradas, hasta el 10% del valor asegurado para cada edificio maximo 2.000 SMMLV.
A143: COBERTURA PARA REMODELACIONES, NUEVAS EDIFICACIONES,MONTAJE DE NUEVAS PLANTAS Y/O MAQUINARIA Y EQUIPO que no haya estado previamente operando dentro de los predios asegurados, siempre que el valor final de dichas edificaciones, plantas, maquinario o equipo no superen los $ 2,000.000.000.
A144: DAÑOS POR TERREMOTO : Las pérdidas o daños por terremoto, temblor y/o erupción volcánica se indemnizarán al 100 % del valor asegurado (el cual incluye el mayor valor por adecuación a la normatividad vigente sobre sismo resistencia) menos el deducible respectivo, y siempre hasta el límite asegurado. También se amparan tanques, cimientos, muros de contención, bienes por debajo del nivel de la superficie, toldos, avisos, chimeneas, escaleras exteriores, patios, aceras y muros de cerramiento y cualquier otra construccion separada, cualquier clase de fresco o murales que , como motivo de decoracion o de ornamentacion , esten pintados o formen parte de la edificacion, incluidos dentro del valor asegurado.
... A153: DEDUCIBLES REQUERIDOS
A154: DEDUCIBLES MINIMOS REQUERIDOS | C154: PROPUESTA DE LA COMPAÑÍA
A155: Terremoto, temblor, erupcion volcanica % del valor de la perdida Minimo SMMLV
A156: Asonada, motín, conmoción civil o popular o huelgas: % del valor de la perdida minimo SMMLV
...

Sheet RELACION DE BIENES 
A1: REDSALUD ARMENIA E.S.E
A2: ANEXO No. 1 - RELACION BIENES Y VALORES ASEGURADOS - TODO RIESGO DAÑOS MATERIALES
A3: Articulo | E3: Valor Asegurado | F3: Índice Variable
A4: EDIFICIOS | E4: =D38 -> 3.9739671e+10 | F4: SI
A5: CONTENIDOS | E5: =1283593888*1.12 -> 1.4376252e+09 | F5: SI
A6: EQUIPOS ELECTRICOS Y ELECTRONICO | E6: 2772757892 | F6: SI
A7: EQUIPOS MOVILES Y PORTATILES | E7: 357170000 | F7: SI
A8: LICENCIAS Y SOFTWARE | E8: 499437230 | F8: NO
A9: MAQUINARIA Y EQUIPO | E9: 1228971383 | F9: SI
A10: EQUIPO BIOMEDICO | E10: 2770603120 | F10: SI
A11: INSTRUENTOS MEDICOS QUIRURGICOS Y DE LABORATORIO | E11: 224150191 | F11: SI
A12: MERCANCIAS (FRIGORIFICOS O BIENES REFRIGERADOS) | E12: 450000000 | F12: NO
A13: HABITACULOS AMBULANCIAS | E13: 615689252 | F13: SI
A14: BIENES RECIBIDOS EN COMODATO | E14: =300791565+354370100+146018948+292869360+492322487 -> 1586372460 | F14: SI
A15: VEHICULOS INMOVILIZADOS | E15: 187202000 | F15: NO
A16: DINEROS DENTRO Y FUERA DE CAJAS FUERTES | E16: 20000000 | F16: NO
A17: ADECUACIONES NORMA SISMORESISTENCIA (15% VALOR DE EDIFICIOS) | E17: =E4*15% -> 5.9609507e+09 | F17: NO
A18: ADECUACION DE TERRENOS (10% VALOR DE EDIFICIOS) | E18: =E4*10% -> 3.9739671e+09 | F18: NO
A19: TOTAL | E19: =SUM(E4:E18) -> 6.1824567e+10
A20: INDICE VARIABLE | E20: =SUM(E4+E5+E6+E7+E9+E10++E11+E13+E14)*5% -> 2.5366505e+09
A21: TOTAL VALOR ASEGURADO | E21: =SUM(E19:E20) -> 6.4361218e+10
A25: RELACION DE INMUEBLES
A26: EDIFICIO | B26: DIRECCION | C26: AREA CONS m2 | D26: VALOR ASEGURADO
A27: UIS - HOSPITAL DEL SUR | B27: Avenida Montecarlo Urb. Guaduales de la Villa, Armenia, Quindio | C27: 6826 | D27: 2.3535941e+10
A28: Centro de Salud La Milagrosa, Armenia, Quindio | B28: Carrera 19 Calle 2 | C28: 823 | D28: 1448480000
A29: Centro de Salud Nueva Libertad, Armenia, Quindio | B29: Carrera 40 Calle 43A - 44 | C29: 566 | D29: 1.4916414e+09
A30: Centro de Salud El Caimo, Armenia, Quindio | B30: Carrera 2 1 - 28 Corregimiento El Caimo | C30: 150 | D30: 3.9531134e+08
A31: Centro de Salud El Paraiso, Armenia, Quindio | B31: Barrio El Paraiso Mz M C | C31: 701 | D31: 1.8474216e+09
A32: Puesto de Salud correa Grillo, Armenia, Quindio | B32: Km 1 Via Montenegro | C32: 530 | D32: 1.3263789e+09
A33: Centro de Salud La Clarita, Armenia, Quindio | B33: Calle 24 33 - 14 | C33: 963 | D33: 2.5378988e+09
A34: Centro de Salud Piloto Uribe, Armenia, Quindio | B34: Cl. 25 #10-11 10-73 Barrio Rincon Santo | C34: 618 | D34: 1.6286827e+09
A35: Centro de Salud CAA SUR, Armenia, Quindio | B35: Carrera 19 Calle 44 Esquina | C35: 1686 | D35: 4.331343e+09
A36: Centro de Salud Fundadores, Armenia, Quindio | B36: Calle 4 Norte 13 - 61 | C36: 411 | D36: 1.0831531e+09
A37: Centro de Salud Santa Rita, Armenia; Quindío. | B37: Barrio Santa Rita Mz 14, esquina. | C37: 448 | D37: 113418750
A38: TOTALES | D38: =SUM(D27:D37) -> 3.9739671e+10
A40: VEHICULOS INMOVILIZADOS
A41: DESCRIPCION | B41: PLACAS | C41: VALOR ASEGURADO
A42: AMBULANCIA TOYOTA | B42: OJG405 | C42: 78300000
A43: MAZDA B2200 | B43: ONJ-005 | C43: 31408000
A44: MAZDA B2600 | B44: ONJ-006 | C44: 37994000
A45: AMBULANCIA CHEVROLET MODELO 1996, PLACA OWR255. | B45: OWR255 | C45: 39500000
A46: DESCRIPCION | C46: =SUM(C42:C45) -> 187202000

Sheet Manejo
A1: ANEXO Nº 2 ( ESPECIFICACIONES TECNICAS MANEJO SERVIDORES PUBLICOS)
A2: TOMADOR: | B2: ='Todo Riesgo Daños Materiales'!B2:E2 -> RED SALUD ARMENIA E.S.E
A3: ASEGURADO: | B3: =B2 -> RED SALUD ARMENIA E.S.E
A4: BENEFICIARIO: | B4: =B3 -> RED SALUD ARMENIA E.S.E
A5: NIT: | B5: ='Todo Riesgo Daños Materiales'!B5:E5 -> 801.001.440-8
A6: PROCESO | B6: ='Todo Riesgo Daños Materiales'!B6 -> PROCESO DE CONTRATACION SIMPLIFICADA O INVITACION
A7: POLIZA: | B7: MANEJO GLOBAL SERVIDORES PUBLICOS
A8: VIGENCIA: | B8: ='Todo Riesgo Daños Materiales'!B8:E8 -> 20000000
A9: CONDICIONES MINIMAS REQUERIDAS OBLIGATORIAS
A10: INTERES ASEGURADO | B10: COBERTURAS | C10: VALOR ASEGURADO | E10: TASA | F10: PRIMA
C11: MINIMO REQUERIDO | D11: PROPUESTA CIA
A12: Se amparan a las entidades estatales aseguradas contra los riesgos que impliquen menoscabode fondos y bienes, causados por sus empleados en el ejercicio de los cargos amparados, por actos que se tipifiquen como delitos contra la administración pública o fallos con responsabilidad fiscal, siempre y cuando el hecho sea cometido dentro de la vigencia de la póliza. | B12: Abuso de confianza, Estafa, Peculado | C12: 500000000
B13: Falsificación, Delitos contra la
B14: Administración Pública, Delitos contra
B15: el patrimonio economico, alcances fiscales
B16: Gastos de Rendiciòn y reconstrucciòn de cuentas, costo en juicio y honorarios
B17: Cajas menores | C17: 20000000
B18: Empleados no identificados | C18: 50.000.000 evento/ 150.000.000 vigencia
B19: Protecciòn de Depósitos bancarios | C19: =C18 -> 50.000.000 evento/ 150.000.000 vigencia
B20: Empleados de firma especializada y temporales, cooperativas, agremiaciones sindicales y empresas asociativas | C20: =C18 -> 50.000.000 evento/ 150.000.000 vigencia
C21: PRIMA NETA | F21: =F14 -> 0
C22: IVA | F22: =F21*16% -> 0
C23: PRIMA TOTAL | F23: =SUM(F21:F22) -> 0
A24: CONDICIONES ESPECIALES OBLIGATORIAS
A25: AMPARO POR PECULADO: Mediante la presente Cláusula se conviene en amparar al Asegurado las pérdidas o detrimentos patrimoniales que sufra por causa de peculado cometido por sus empleados de acuerdo con las denominaciones que para delitos cometidos por empleados oficiales o públicos contempla la ley
A26: CONVENIO PARA EL PLAZO DEL PAGO DE LA PRIMA: No obstante cualquier estipulación en contrario, por la presente cláusula se deja establecido que, de acuerdo con lo estipulado en el artículo 81 de la Ley 45/90 y la Resolución numero 03750 de Diciembre 31/74 de la Superintendencia Financiera, las partes contratantes convienen que las primas causadas por el presente Contrato de seguros y los Certificados o Anexos que se emitan en aplicación al mismo serán pagadas por EL ASEGURADO en NOVENTA (90) días a partir de la fecha en que el respectivo documento sea recibido en sus oficinas, directamente por la Aseguradora y/o por el intermediario de seguros, quien deberá certificar haber recibido a satisfacción las respectivas pólizas en las condiciones contratadas; Si las pólizas no han sido correctamente elaboradas, el término para el pago solo empezará a contarse desde la fecha en que se presenten en debida forma. La demora en el pago originada por la presentación incorrecta de los documentos requeridos será responsabilidad del contratista y no tendrán por ello derecho al pago de intereses o compensación de ninguna naturaleza o a la aplicación de la terminación del contrato por mora en el pago de la prima.
A27: AMPARO POR DELITOS CONTRA LA ADMINISTRACION PÚBLICA: Mediante la presente Cláusula se conviene en amparar AL ASEGURADO, las pérdidas o detrimentos patrimoniales que sufra por causa de los delitos cometidos por sus servidores públicos, empleados oficiales ó públicos, contemplados en la Ley
A28: EXTENSION DE COBERTURAS A EMPLEADOS TEMPORALES Y FIRMAS ESPECIALIZADAS: Se consideran cubiertas todas las perdidas y/o daños que ocasionen los empleados de firmas especializadas, temporales y provisionales, que pertenezcan o no a la firma especializada, estos últimos asesores, estudiantes en práctica, contratistas y subcontratistas, la cobertura opera siempre y cuando se encuentra bajo la inspeccion, vigilacia y control del asegurado
A29: PERDIDAS CAUSADAS POR EMPLEADOS NO IDENTIFICADOS: Con sujecion a las condiciones genereales de la poliza y no obstante lo que en contratio se diga en la misma o en sus anexos, si una perdida cubierta se presume haber sido causada por uno o mas de los empleados y el asegurado no pudiere senalar especdificamente el empelado o empleados causantes, dicha perdia se considera debidamene amparada, siempre y cuando las pruebas que se presentern sean concluyente quedando entendido ademas la responsabilidad de la aseguradora no excedera en ningun caso el valor asegurado por cada evento.
A30: PROTECCION DE DEPOSITOS BANCARIOS: Por medio del presente anexo, se cubren las pérdidas que el Asegurado sufra en cuanto a los dineros depositados en su cuenta corriente o de ahorros que mantenga con una entidad bancaria o financiera, siempre y cuando dicha pérdida se deba a falsificación de un cheque, letra de cambio, pagaré, carta de crédito o cualquier otra clase de titulo valor que el banco o la entidad financiera presuma que ha sido firmado, endosado o avalado por el Asegurado o por una persona que obre en su nombre o representación y que el banco o entidad financiera compruebe que no es responsable por dicho pago. El amparo se hace extensivo a cualquiera de los siguientes eventos: A. Cuando el cheque girado presuntamente por el Asegurado o su representante sea pagado a una persona ficticia. B. Cuando un cheque girado por el Asegurado o su representante a favor de un tercero y entregado a dicho tercero o a un representante de este, resulte endosado y cobrado por una persona distinta a dicho tercero o a aquella otra a quien ha debido hacerse el pago en virtud de una transferencia posterior que hubiese podido efectuarse respecto a dicho cheque. C. Cualquier cheque con destino al pago de salarios que habiendo sido girado u ordenado por el Asegurado, resultase endosado y cobrado por un tercero obrando supuestamente a nombre del girador, o de aquel a quien se debía hacer el pago. Es requisito indispensable para que sea procedente una indemnización bajo los literales a, b, y c, que exista falsificación o adulteración de conformidad con las disposiciones legales vigentes al momento del siniestro. Las firmas estampadas por medios mecánicos, serán consideradas como firmas autógrafas.
A31: =+'Todo Riesgo Daños Materiales'!A50:E50 -> DOCUMENTO PARA SUSTENTAR RECLAMO: Para la demostración de la propiedad de los bienes del asegurados, La Entidad. aportará la factura de compra o en su defecto la certificación expedida y firmada por el jefe del departamento de Gestión de Servicio Administrativo o quien haga sus veces donde conste que el bien materia del siniestro se encontraba incluido en su sistema de inventarios. En los casos de hurto el asegurado aportará copia al carbón del denuncio o fotocopia SIMPLE de este o en su defecto una constancia de la fiscalía de que conoce el caso.
A32: FORMATO : ACEPTACION CLAUSULAS Y CONDICIONES OBLIGATORIAS
A33: AMPARO AUTOMÁTICO PARA NUEVOS CARGOS : No obstante cualquier estipulación en contrario en las condiciones generales de la póliza y sus anexos, este seguro se extiende a cubrir todo nuevo cargo creado por el Asegurado sin limite de plazo para reportar a la aseguradora.
A34: PERÍODO ADICIONAL DE COBERTURAS: Por medio de la presente cláusula se deja establecido y convenido que las personas al servicio del asegurado, continuarán amparadas los treinta (30) días inmediatamente siguientes a la fecha de retiro, con sujeción a las Cláusulas relativas a vigencia, terminación y revocación de la Póliza
A35: REVOCACIÓN , NO RENOVACIÓN O MODIFICACIONES DE LA PÓLIZA Y SUS ANEXOS : La Aseguradora deberá dar aviso por escrito aL ASEGURADO, con una anticipación de noventa (90) días, en caso que decida modificar, revocar o no renovar esta póliza y/o alguno de sus amparos adicionales o modificar cualquiera de sus condiciones. En caso de revocación la aseguradora devolverá al asegurado, la proporción de prima correspondiente al tiempo que falte para el vencimiento de la Póliza, liquidada a prorrata. Si la revocación es solicitada por EL ASEGURADO , la Aseguradora devolverá el valor de la prima no corrida del riesgo, liquidada a Prorrata.
A36: RESTABLECIMIENTO AUTOMÁTICO DE VALOR ASEGURADO POR PAGO DE SINIESTRO: En caso de siniestro el límite asegurado se rebajará en la suma indemnizada a partir de la fecha en que se efectúe el pago y se restablecerá automáticamente a su límite inicial y el Asegurado pagará la prima adicional correspondiente a prorrata. Está cláusula tiene aplicación en cualquier época, aún en aquellos casos en que la indemnización se efectúe posteriormente a la terminación de la vigencia afectada por la reclamación. el restablecimiento opera hasta una vez la suma incial
A37: MODIFICACIÓN DEL ESTADO DEL RIESGO: No obstante lo estipulado en las condiciones generales de la póliza y sus anexos, por la presente cláusula se establece una limitación a la obligación que el Asegurado notifique los hechos o circunstancias que agraven el riesgo durante la vigencia del contrato, en el sentido, que la aseguradora solo puede invocarla cuando exista relación de causalidad entre la agravación y el siniestro. Se ampararán automáticamente los riesgos cuya agravación se informe, hasta el pronunciamiento del asegurador en contrario.
A38: CLAUSULA DE ANTICIPO DE LA INDEMNIZACION HASTA 50%: la Aseguradora anticipara la indemnización, hasta por el 50%, con la demostración de la ocurrencia del siniestro por parte del asegurado, el valor de los daños y la comprobación de que existe cobertura y mientras se formaliza a cabalidad la indemnización Correspondiente
A39: CONOCIMIENTO DEL RIESGO: Por medio de la presente cláusula, la (s) Compañía(s) Aseguradora(s) declara (n) que conocen los riesgos y por consiguiente dejan constancia del conocimiento y aceptación de las circunstancias y condiciones de los mismos. En consecuencia de lo anterior, los proponentes no podrán en ningún caso, oponer excepciones, ni formular objeciones fundamentadas en la circunstancia de no haber llevado a cabo la visita de inspección de los bienes o en el desconocimiento de los mismos.
A40: ACUERDO PARA AJUSTE EN CASO DE SINIESTRO: Por medio de la presente Cláusula se conviene que todos los siniestros serán ajustados conforme al procedimiento especial de ajuste que se acuerde entre el Asegurador y Asegurado, y que bajo estas condiciones, operará el Ajustador que se designe cuando sea necesario
A41: NOMBRAMIENTO DE AJUSTADOR: En caso de siniestro que afecte las pólizas contratadas y en los que a juicio de la aseguradora se deba asignar Ajustador, dichos Ajustadores no podrán ser asignados unilateralmente por la aseguradora, sino bajo los siguientes parámetros: • Se escogerá al inicio de la vigencia de las pólizas una terna de firmas Ajustadores nominada por EL ASEGURADO y la ASEGURADORA. • Las firmas seleccionadas deberán tener sede principal u oficina similar en la ciudad de Armenia. La asignación del Ajustador proveniente de la terna inicialmente escogida, deberá realizarse dentro de los 3 días hábiles siguientes a la fecha del reporte del siniestro y el Ajustador deberá contactar al asegurado y efectuar las visitas correspondientes dentro de los 2 días hábiles siguientes a la fecha de designación. En caso contrario, se designará otro integrante de la terna preseleccionada.
A42: DESIGNACION DE CARGOS: En adición a los términos y condiciones contenidas en la póliza y sus anexos, la Aseguradora acepta el titulo, nombre, denominación, nomenclatura con que el Asegurado identifica o describe los cargos asegurados
A43: NO CONCURRENCIA DE DEDUCIBLES: De presentarse un evento indemnizable bajo la presente póliza, en cualquiera de sus secciones o por cualquiera de los riesgos cubiertos por la misma, que afecte a dos o más artículos o bienes amparados y si en los mismos figuran deducibles diferentes, para los efectos de liquidación de siniestro, se aplicará únicamente el deducible cuya cobertura se afectó por el origen del siniestro y no la sumatoria de ellos
... A61: CLAUSULA DE APLICACION DE CONDICIONES PARTICULARES: Queda expresamente acordado y convenido, que la Compañía acepta las condiciones básicas tecnicas establecidas en este anexo en los terminos señalados en el mismo, por lo tanto, en caso de existir discrepancia ente los ofrecimientos contenidos en la propuesta tecnica básica, frente a los textos de los ejemplares de las pólizas, certificados, anexos o cualquier otro documento; prevalecerá la información y condiciones básicas tecnicas establecidas.
A62: CLAUSULAS PARTICULARES OPCIONALES REQUERIDAS | E62: S/ N / D | F62: PUNTOS
A63: COBRO POSTERIOR DE DEDUCIBLE: Se conviene entre las partes y no obstante lo establecido en las condiciones generales de la Póliza y sus anexos, que la Aseguradora, por solicitud expresa del Asegurado no deducirá, ningún porcentaje del valor total de la respectiva indemnización, cuando esta se efectúe a una tercera persona, natural o jurídica, distinta al asegurado, según las cláusulas de pago de indemnizaciones. Igualmente se conviene, que el Asegurado pagará a la Aseguradora con base en la cuenta que se presentará oportunamente y dentro de los TREINTA (30) días contados a partir del recibo de las facturas en sus dependencias, el monto ó porcentaje de la indemnización, correspondiente al deducible que quede a su cargo.
A64: PÉRDIDAS A TRAVÉS DE SISTEMAS COMPUTARIZADOS De acuerdo a las condiciones generales y particulares de la póliza se amparan las pérdidas y/o daños que se originen o sean ocasionados a través de sistemas computarizados.
A65: Pago de siniestro sin necesidad de fallo administrativo o fiscal
A66: GASTOS ADICIONALES No obstante lo que se diga en contrario en las condiciones generales y particulares de la póliza, la Compañía se obliga a indemnizar los gastos adicionales (que no tengan carácter de permanentes), debidamente comprobados en que necesaria y razonablemente incurra el asegurado, como consecuencia directa del siniestro, hasta el 100% de los gastos demostrados. Estos costos hacen parte del valor asegurado y por ende no aplican en exceso de este
A67: GASTOS POR PAGOS DE AUDITORES REVISORES Y CONTADORES: Se otorga la cobertura para amparare indemnizar los costos de los procesos judiciales y los honorarios de abogados, siempre y cuando sean justificados y razonable para la defensa de cualquier procedimiento legal o pleito, en el cual sea demandado el asegurado y con el que se pretenda demostrar responsabilidadpor cualquier reclamacion, daño o perdida que pueda afectar la cobertura otorgada bajo este seguro, sublimite 20% del limite asegurado. -
A68: CLAUSULAS PARTICULARES SOLICITADAS: Si la clausula es aceptada anotar una S, si es negada una N o si es aceptada con desviacion, indicar en el formato de desviaciones el texto propuesto. | G68: =SUM(#REF!) -> #REF!
A69: DEDUCIBLES
A70: DEDUCIBLES MINIMOS REQUERIDOS | C70: PROPUESTA ASEGURADORA
A71: Basico: % del valor de la perdida indemnizable minimo SMMLV | G71: 5% de la perdida minimo 0
A72: Empleados no identificados: % del valor de la perdida, minimo SMMLV. | G72: 5% de la perdida minimo 0
A73: Delitos contra la administración: % del valor de la perdida, minimo SMMLV. | G73: 5% de la perdida minimo 0
A74: Rendicion y reconstruccion: % del valor de la perdida, minimo SMMLV. | G74: 5% de la perdida minimo 0
A75: Caja Menor: Sin deducible
A76: REGISTRO SUPERBANCARIA - POLIZA: ANEXAR CONDICIONADO Y TEXTOS DE CLAUSULAS
A77: NOTA: SE DEBE DILIGENCIAR UNICAMENTE LA PARTE SOMBREADA EN GRIS. LAS DEMAS AREAS DEL CUADRO NO DEBEN SER MODIFICADAS

Sheet RCE
A1: ANEXO Nº 3 (ESPECIFICACIONES TECNICAS RESPONSABILIDAD CIVIL EXTRACONTRACTUAL)
A2: TOMADOR: | B2: ='Todo Riesgo Daños Materiales'!B2:E2 -> RED SALUD ARMENIA E.S.E
A3: ASEGURADO: | B3: =B2 -> RED SALUD ARMENIA E.S.E
A4: BENEFICIARIO: | B4: TERCEROS FECTADOS
A5: NIT: | B5: ='Todo Riesgo Daños Materiales'!B5:E5 -> 801.001.440-8
A6: PROCESO | B6: ='Todo Riesgo Daños Materiales'!B6:E6 -> PROCESO DE CONTRATACION SIMPLIFICADA O INVITACION
A7: POLIZA: | B7: RESPONSABILIDAD CIVIL EXTRACONTRACTUAL
A8: VIGENCIA: | B8: ='Todo Riesgo Daños Materiales'!B8:E8 -> 20000000
A9: COBERTURAS Y CONDICIONES MINIMAS REQUERIDAS OBLIGATORIAS
A10: OBJETO | B10: AMPAROS | C10: LIMITE ASEGURADO | E10: TASA | F10: PRIMA NETA
C11: EVENTO | D11: VIGENCIA
A12: Se amparan los perjuicios patrimoniales y extrapatrimoniales, incluyendo los perjuicios morales, que el asegurado cause a terceros, con motivo de la responsabilidad civil en que incurra de acuerdo con la Ley, durante el giro normal de sus actividades, incluyendo las complementarias. Los perjuicios cubiertos son los derivados de: Lesiones ó muerte a personas, Daños a bienes de propiedad de terceros, Perjuicios morales,, perjuicios de dano en la vida relacion y fisiológicos. lucro cesante que se derive de un daño material y/o de un daño corporal. | B12: Predios, labores y operaciones. | C12: 1100000000
B13: La posesion, el uso el mantenimiento de los predios en los cuales se desarrolla la actividad propia del asegurado.
B14: Las operaciones que lleve a Cabo el asegurado en los predios asegurados y donde desarrolle su actividad.
B15: Las actividades que razonablemente forman parte del riesgo asegurado y que son inherentes al desarrollo del giro normal de su actividad.
B16: Incendio y explosión
B17: Uso de maquina y equipos de trabajo de carque, descarque y transporte dentro y/o fuera de los predios del asegurado.
B18: Actividades sociales, deportivas y culturales, asi como las instalaciones sociales y deportivas dentro y/o fuera de los predios del asegurado
B19: Participacion del asegurado en ferias y exposiciones nacionales.
B20: Viajes al exterior realizados por los representantes, directores y empleados al servicio del asegurado, en funciones inherentes al desarrollo de las actividades propias del asegurado. Excluye RC Profesional y RC Servidores Publicos
B21: viajes dentro del territorio nacional de los representantes, directores y empleados al servicio del asegurado, en funciones inherentes al desarrollo de las actividades propias del asegurado. Excluye RC Profesional y RC Servidores Publicos
B22: Posesion y uso de depositos, tanques, y tuberias dentro de los predios asegurados;
B23: Cafeteria, restaurantes, casinos, bares
B24: Transporte de materias primas y productos azarosos, Manejo de combustible según decreto No. 1521 de 1996, en desarrollo de las activiades del asegurado
... B33: Contratistas y/o subcontratistas independientes
B34: COBERTURAS SUBLIMITADAS | C34: POR EVENTO | D34: VIGENCIA
B35: labores y operaciones de su empleados | C35: 550000000 | D35: =C35*2 -> 1100000000
B36: Patronal | C36: 550000000 | D36: =C36*2 -> 1100000000
B37: Bienes bajo cuidado tenencia y control | C37: 550000000 | D37: =C37*2 -> 1100000000
B38: Productos | C38: 550000000 | D38: =C38*2 -> 1100000000
B39: Vehículos propios y no propios | C39: 100000000 | D39: 200000000
B40: Gastos medicos | C40: 50000000 | D40: 100000000
B41: Responsabilidad Civil Cruzada | C41: 100000000 | D41: 500000000
B42: Parqueaderos incluyendo daños y hurto vehiculos | C42: 100000000 | D42: 200000000
B43: PRIMA NETA
B44: IVA
B45: TOTAL
A47: UBICACIÓN Todos los predios propios y/o tomados en arrendamiento y/o comodato, utilizados por la entidad, para el desarrollo de sus actividades en el territorio colombiano
A48: CONVENIO PARA EL PLAZO DEL PAGO DE LA PRIMA: No obstante cualquier estipulación en contrario, por la presente cláusula se deja establecido que, de acuerdo con lo estipulado en el artículo 81 de la Ley 45/90 y la Resolución numero 03750 de Diciembre 31/74 de la Superintendencia Financiera, las partes contratantes convienen que las primas causadas por el presente Contrato de seguros y los Certificados o Anexos que se emitan en aplicación al mismo serán pagadas por EL ASEGURADO en NOVENTA (90) días a partir de la fecha en que el respectivo documento sea recibido en sus oficinas, directamente por la Aseguradora y/o por el intermediario de seguros, quien deberá certificar haber recibido a satisfacción las respectivas pólizas en las condiciones contratadas; Si las pólizas no han sido correctamente elaboradas, el término para el pago solo empezará a contarse desde la fecha en que se presenten en debida forma. La demora en el pago originada por la presentación incorrecta de los documentos requeridos será responsabilidad del contratista y no tendrán por ello derecho al pago de intereses o compensación de ninguna naturaleza o a la aplicación de la terminación del contrato por mora en el pago de la prima.
A49: ACTIVIDADES SOCIALES, CULTURALES Y DEPORTIVAS: Por la presente cláusula y no obstante lo que en contrario se diga en las condiciones generales de la Póliza o en sus anexos, la Aseguradora cubre la responsabilidad civil imputable al Asegurado, derivada del ejercicio, dirección o supervisión de actividades deportivas, sociales y culturales, que se desarrollen en cualquier parte del territorio de la República de Colombia.
A50: USO DE ARMAS DE FUEGO Y ERRORES DE PUNTERÍA Por la presente cláusula y no obstante lo que en contrario se diga en las condiciones generales de la póliza o en sus anexos, la aseguradora ampara la responsabilidad civil del ASEGURADO, frente a terceros por las reclamaciones por daños, lesiones y perjuicios causados por los vigilantes y personas de seguridad en el cumplimiento de sus obligaciones y de los ocasionados por su negligencia o imprudencia incluso los que se ocasionen como consecuencia del uso de armas de fuego en cualquier parte del Territorio de la República de Colombia. Tratándose de vigilantes no propios esta cobertura operará en exceso de la póliza de responsabilidad civil de la empresa de vigilancia, siempre que la póliza exista y se logre obtener la indemnización en caso de reclamo bajo dicha póliza con su límite asegurado, de lo contrario operará la presente póliza como primera capa
A51: ELEVADORES,ESCALERAS Y EQUIPOS SIMILARES : Por la presente cláusula y no obstante lo que en contrario se diga en las condiciones generales de la póliza o en sus anexos, mediante el presente seguro, se ampara la responsabilidad civil por los perjuicios patrimoniales y extrapatrimoniales que debiere pagar EL ASEGURADO como consecuencia del uso o manejo de elevadores, ascensores, cabrias, montacargas, carretas, escaleras metálicas y equipos similares La palabra elevadores comprenderá: ascensores, cabrias, carretas, escaleras mecánicas montacargas, equipos similares así como los carros plataformas, pozos, cajas y maquinaria que de ellos forman parte.
A52: CONTRATISTA Y/O SUBCONTRATISTA INDEPENDIENTES: Mediante la presente cláusula y no obstante lo que se diga en contrario en las condiciones generales de la Póliza o en sus anexos, se reconocerán a los terceros afectados y/ó al asegurado, las sumas que debiere pagar EL ASEGURADO, en razón de la responsabilidad civil Extracontractual por perjuicios patrimoniales y extrapatrimoniales resultantes como consecuencia de labores realizadas a su servicio por Contratistas ó Subcontratistas independientes. Este amparo operará en exceso de la responsabilidad civil del contratista ó subcontratista, siempre que la póliza exista y se logre obtener la indemnización en caso de reclamo bajo dicha póliza hasta su límite asegurado, de lo contrario operará la presente póliza como primera capa.
A53: VEHICULOS PROPIOS Y NO PROPIOS: Por la presente cláusula y no obstante lo que en contrario se diga en las condiciones generales de la póliza o en sus anexos, y sujeto a que el Asegurado ha pagado la prima adicional acordada a la Aseguradora, le indemnizará las sumas que debiere pagar en razón de su responsabilidad civil extracontractual por las lesiones personales o muerte causadas a terceros, ó daños causados a propiedades de terceros, como consecuencia de la utilización de vehículos de transporte terrestre, que sean o no de su propiedad y se extiende a amparar los establecidos en la póliza incluyendo equipos que no tengan tracción propia, hasta por los limites establecidos en la póliza. Esta cobertura opera en exceso de los límites contratados en la Póliza de Automóviles si las hay. De no haber póliza de automóviles ó no haber sido indemnizado el reclamo, esta cobertura cubrirá como primera capa
A54: GASTOS MEDICOS: Queda entendido y convenido en adición a los términos y condiciones contenidas en la Póliza y sus anexos, que la Aseguradora reconocerá al Asegurado, a los terceros afectados, ó a la institución prestadora del servicio, los gastos médicos, hospitalarios, medicinas y demás gastos requeridos para la prestación de los servicios médicos y hospitalarios que se causen ó en que deba incurrir, hasta el límite convenido, como consecuencia de lesiones personales causadas a terceros, con ocasión del desarrollo de las actividades del Asegurado. Para efectos de la suma asegurada, sublímites y agregados anuales, los pagos que se realizan por el concepto de gastos médicos son parte de la póliza de responsabilidad civil. Esta cobertura no esta sujeta a la aplicación de deducible, ni requiere fallo judicial. El amparo que mediante esta cláusula se otorga, es independiente del de Responsabilidad civil y por consiguiente los pagos que por dicho concepto se efectúen, en ningún caso pueden ser interpretados como aceptación tácita de responsabilidad civil.
A55: CONTAMINACION ACCIDENTAL SUBITA E IMPREVISTA: No obstante cualquier estipulación en contrario de las condiciones generales y particulares de la póliza y sus anexos, esta póliza de seguro cubre la contaminación accidental, proveniente de cualquiera de las actividades desarrolladas por el asegurado, sus contratistas y subcontratistas
A56: USO DE CAFETERÍAS, RESTAURANTES, CASINOS Y BARES-AVISOS Y VALLAS: Por la presente cláusula y no obstante lo que en contrario se diga en las condiciones generales de la póliza o en sus anexos, la Aseguradora cubre la responsabilidad civil del Asegurado, como consecuencia de la propiedad, posesión, tenencia, mantenimiento y uso de cafeterías, restaurantes, casinos y bares, así como de avisos, vallas dentro y fuera de los predios del asegurado y en general bienes utilizados para propaganda y publicidad.
A57: RC CRUZADA: Por la presente cláusula queda entendido y convenido en adición a los términos y condiciones contenidas en la Póliza o en sus anexos, que la cobertura de responsabilidad civil se aplicará al Asegurado y a los Contratistas y Subcontratistas independientes, al servicio del Asegurado, en la misma forma que si a cada uno de ellos, se hubiera extendido una Póliza por separado, hasta los limites establecidos en la póliza.
A58: RCE DERIVADA DEL SERVICIO DE VIGILANCIA: Por la presente cláusula y no obstante lo que en contrario se diga en las condiciones generales de la Póliza o en sus anexos, la Aseguradora ampara la responsabilidad civil deL ASEGURADO, frente a terceros por perjuicios patrimoniales y extrapatrimoniales, causados por vigilantes y personal de seguridad, en el cumplimiento de sus obligaciones y de los ocasionados por su negligencia o imprudencia, incluso, los que se ocasionen como consecuencia del uso de armas de fuego, en cualquier parte del territorio de la República de Colombia. Se cubre la responsabilidad civil derivada del servicio de vigilancia; para vigilantes propios sujetos al cumplimiento de los establecido en el Decreto 356/94; para vigilantes no propios en exceso del límite detallado en el Decreto 356/94 y otras normas complementarias y/ó vigentes. Tratándose de vigilantes no propios esta cobertura operará en exceso de la póliza de responsabilidad civil de la empresa de vigilancia, siempre que la póliza exista y se logre obtener la indemnización en caso de reclamo bajo dicha póliza con su límite asegurado, de lo contrario operará la presente póliza como primera capa.
... A87: CLAUSULA DE APLICACION DE CONDICIONES PARTICULARES Queda expresamente acordado y convenido, que la Compañía acepta las condiciones básicas tecnicas establecidas en este anexo en los terminos señalados en el mismo, por lo tanto, en caso de existir discrepancia ente los ofrecimientos contenidos en la propuesta tecnica básica, frente a los textos de los ejemplares de las pólizas, certificados, anexos o cualquier otro documento; prevalecerá la información y condiciones básicas tecnicas establecidas.
A88: EXTENSION POR ACTOS DE EMPLEADOS : Se extiende a cubrir la responsabilidad civil extracontractual del asegurado a consecuencia de los actos u omisiones cometidas por los empleados a su servicio, incluidos los temporales, ocasionales transitorios, estudiantes en practica, durante el desempeño de sus funciones dentro de la Republica de Colombia y en el exterior, siendo entendido que todo juicio o demanda deberá ser entablada ante las autoridades competentes colombianas. | G88: =+IF(E88="S",F88,IF(E88="N",0,F88/2)) -> 0
A89: CLAUSULAS PARTICULARES OPCIONALES REQUERIDAS | E89: S / N / D | F89: PUNTOS
A90: COBRO POSTERIOR DE DEDUCIBLE: Se conviene entre las partes y no obstante lo establecido en las condiciones generales de la Póliza y sus anexos, que la Aseguradora, por solicitud expresa del Asegurado no deducirá, ningún porcentaje del valor total de la respectiva indemnización, cuando esta se efectúe a una tercera persona, natural o jurídica, distinta al asegurado, según las cláusulas de pago de indemnizaciones. Igualmente se conviene, que el Asegurado pagará a la Aseguradora con base en la cuenta que se presentarà oportunamente y dentro de los NOVENTA (90) días contados a partir del recibo de las facturas en sus dependencias, el monto ó porcentaje de la indemnización, correspondiente al deducible que quede a su cargo.
A91: AMPARO DE CIMENTACIÓN Y/O ASENTAMIENTO DERRUMBAMIENTO A PROPIEDADES ADYACENTES : Por el presente anexo y no obstante lo que en contrario se diga en las Condiciones Generales de la Póliza o en sus Anexos, la Aseguradora indemnizara las perdidas patrimoniales que sufra el asegurado por la Responsabilidad Civil en que incurra a consecuencia del deterioro o destrucción de bienes de terceros y/o propiedades adyacentes, así como por los asentimientos y/o derrumbamientos que tales propiedades sufran, en el desarrollo y/o construcción de obras civiles. | G91: =+IF(E91="S",F91,IF(E91="N",0,F91/2)) -> 0
A92: RESPONSABILIDAD CIVIL POR ENSANCHES O MONTAJES Y/O EJECUCION DE OBRAS : Este seguro se extiende a cubrir la responsabilidad civil patrimonial ó extrapatrimonial en que incurra, el asegurado y/ó contratistas y subcontratistas, durante la ejecución de cualquier tipo de ensanche ó montaje de maquinaria y equipo y/ó ejecución de obra, que se realice dentro y/o fuera de los predios asegurados | G92: =+IF(E92="S",F92,IF(E92="N",0,F92/2)) -> 0
A93: TRANSPORTE Y MANEJO DE PACIENTES, MATERIAS PRIMAS Y PRODUTOS: Por la presente cláusula queda aclarado y convenido que la Póliza ampara la responsabilidad civil, como consecuencia del transporte y manejo por parte del asegurado, contratistas ó subcontratistas, de pacientes, materias primas y productos de cualquier naturaleza, incluyendo cargue y descargue, entendiéndose que toda esta operación puede ser ejecutada directamente por EL ASEGURADO ó contratada
A94: EXTENSION DE COBERTURA PARA APRENDICES. Se considerarán terceros todos los aprendices que se encuentren en las instalaciones, predios o actividades desarrolladas por la entidad en desarrollo de las actividades académicas propias de un programa de formación. El amparo de la presente póliza operará en exceso de la cobertura otorgada por los demás seguros que amparen a los aprendices.
A95: Responsabilidad civil extracontractual por DAÑOS A CABLES Y/O TUBERIAS SUBTERRANEAS EXISTENTES | G95: =+IF(E95="S",F95,IF(E95="N",0,F95/2)) -> 0
F96: =F88+F95+F92+F91 -> 0 | G96: =+IF(E96="S",F96,IF(E96="N",0,F96/2)) -> 0
A97: CLAUSULAS PARTICULARES SOLICITADAS: Indicar con una S si es aceptada, con una N si es negada, con una D si es aceptada con desviacion, para lo cual debe estipular en el formato de desviaciones el texto propuesto. | G97: =SUM(G91:G96) -> 0
A98: DEDUCIBLES MINIMOS REQUERIDOS | C98: PROPUESTA
A99: TODAS LAS COBERTURAS % del valor de la perdida, minimo SMMLV.
A100: REGISTRO SUPERBANCARIA - POLIZA: ANEXAR CONDICIONADO Y TEXTOS DE CLAUSULAS
A101: NOTA: SE DEBE DILIGENCIAR UNICAMENTE LA PARTE SOMBREADA EN GRIS. LAS DEMAS AREAS DEL CUADRO NO DEBEN SER MODIFICADAS

Sheet FORMA DE PAGO
A1: ALTERNATIVAS DE PAGO
A2: =#REF! -> #REF!
B7: FORMA PARTE INTEGRAL DE LA COTIZACION DE LA POLIZA DE DAÑO MATERIAL
A9: CONTADO
B10: EFECTIVO
B11: CHEQUE
B12: TARJETA DE CREDITO
A14: CONVENDIO DE PAGO A 60 DIAS
B15: 1. CONVENIO ESCRITO CON COMPROMISO DE PAGO EL LAS FECHAS INDICADAS A CONTINUACION.
B16: 2.GIRO DE 3 CHEQUES ASI:
B17: - EL PRIMERO AL DIA DE LA EXPEDICION DE LA POLIZA
B18: - EL SEGUNDO A 30 DIAS
B19: - EL TERCERO A 60 DIAS, EL CUAL NO DEBEN EXCEDER LOS 60 DIAS A PARTIR DE LA VIGENCIA DE LA POLIZA
A21: FINANCIACION CON LA COMPAÑÍA DE SEGUROS
B22: TERMINOS
B23: - 20% DE CUOTA INICIAL (APLICADO SOBRE LA PRIMA TOTAL)
B24: - EL SALDO A 10 CUOTAS MAXIMO
B26: PERSONA NATURAL
B27: - VALOR MINIMO A FINANCIAR $400.000
B28: - SOLICITUD DE CREDITO
B29: - CARTA DE DESEMBOLSO
B30: - FOTOCOPIA DE LA CEDULA DE CIUDADANIA
B31: - FOTOCOPIA DE LA POLIZA
B33: PERSONAL JURIDICA
B34: - VALOR MINIMO A FINANCIAR $2.000.000
B35: - SOLICITUD DE CREDITO
... B39: - CERTIFICADO DE CAMARA DE COMERCIO NO MAYOR A 45 DIAS DE EXPEDIDO

Sheet RC Servidores Públicos
A1: ANEXO Nº 4 (ESPECIFICACIONES TECNICAS SEGURO DE RESPONSABILIDAD CIVIL SERVIDORES PUBLICOS)
A2: TOMADOR: | B2: ='Todo Riesgo Daños Materiales'!B2:E2 -> RED SALUD ARMENIA E.S.E
A3: ASEGURADO: | B3: VER RELACION DE CARGOS ASEGURADOS
A4: BENEFICIARIO: | B4: =B2 -> RED SALUD ARMENIA E.S.E
A5: NIT: | B5: ='Todo Riesgo Daños Materiales'!B5:E5 -> 801.001.440-8
A6: PROCESO | B6: ='Todo Riesgo Daños Materiales'!B6:E6 -> PROCESO DE CONTRATACION SIMPLIFICADA O INVITACION
A7: POLIZA: | B7: RESPONSABILIDAD CIVIL SERVIDORES PUBLICOS
A8: VIGENCIA: | B8: ='Todo Riesgo Daños Materiales'!B8:E8 -> 20000000
A9: CONDICIONES MINIMAS REQUERIDAS OBLIGATORIAS
B10: AMPAROS | C10: VALOR ASEGURADO | D10: TASA
A11: Territorio Mundial | B11: Cobertura R.C. SERVIDORES PUBLICOS | C11: 600000000
B12: Actos Incorrectos
A13: Perjuicios ocasionados a terceros y/o la entidad asegurada, consecuencia de acciones, fallas en la gestión o actos imputables a uno o varios funcionarios adminstradores y/o directivos que desempeñen los cargos asegurados en el ejercicio de sus funciones, asi como los perjuicios por responsabilidad fiscal y gastos de defensa en que incurran los directivos para su defensa. | B13: Actos que generen juicio de Responsabilidad
B14: Cauciones Judiciales | C14: =C15 -> 120000000
B15: Sublimite Gastos y Costos Judiciales | C15: =C11*20% -> 120000000
B17: PRIMA NETA
A18: CARGOS A ASEGURAR : Ver anexo | B18: IVA
B19: TOTAL
A20: Responsabilidad civil por detrimentos patrimoniales sufridos por el Estado o por terceros siempre que sean consecuencia de los actos incorrectos cometidos por los funcionarios asegurados en el desempeño de las funciones propias a su cargo, cuando fueren declarados civil o administrativamente responsables del detrimento patrimonial.
A21: Cauciones Judiciales: Gastos y costos en que incurran los funcionarios asegurados para la constitución de cauciones exigidas por las autoridades o necesarias para ejercitar derechos, dentro de procedimientos civiles, penales, administrativos o disciplinarios iniciados como consecuencia de actos incorrectos de los que se pudiera deriva una responsabilidad fiscal. $20.000.000 por evento y $120.000.000 vigencia
A22: MODALIDAD DE COBERTURA: Claims Made, La presente póliza opera bajo la modalidad de cobertura por reclamación o "claims made" de conformidad con la Ley 389 de 1997. La cobertura de la póliza aplica a: (i) reclamaciones o investigaciones notificadas a los funcionarios asegurado por primera vez durante la vigencia de la póliza; y/o (ii) circunstancias por las que los funcionarios asegurados tengan conocimiento por primera vez durante la vigencia de la póliza, de investigaciones iniciadas o que estarán siendo iniciadas en su contra. La cobertura se circunscribe a hechos que hayan ocurrido dentro del período de retroactividad de la póliza. Todas las reclamaciones o investigaciones subsiguientes relacionadas con la primera notificación e informada a la Aseguradora, se considerarán cubiertas por la póliza vigente en el momento de la primera notificación. Por esto mismo, las reclamaciones, investigaciones o circunstancias ya notificadas quedan excluidas de todas las vigencias posteriores.” Los hallazgos o circunstancias en averiguación que no individualicen ningún funcionario o cargo asegurado no se considerarán, para efectos de la póliza, como hechos conocidos que puedan dar lugar a una reclamación aplicable bajo el presente seguro sino hasta el momento que sea vinculado el funcionario(s) formalmente a alguna investigación o indagación preliminar. En consecuencia, en caso de que estos hechos se materialicen posteriormente en una reclamación, no se consideraran hechos excluidos aun cuando no hubiesen sido reportados a la aseguradora. Así mismo queda expresamente acordado y convenido que la aseguradora acepta bajo los mismos términos, las condiciones del sistema de cobertura aquí definidas y en caso de existencia de textos, cláusulas o condiciones contenidas en la propuesta o indicadas en el ejemplar de las condiciones generales de la póliza u otro documento, en contradicción con lo dispuesto en esta cláusula, se entenderán por no escritas
A23: Definición de Evento: Se entiende por evento toda circunstancia que pueda derivar en una o varias reclamaciones o procesos, aun cuando sean adelantados por autoridades distintas, siempre que provengan de una misma causa y aun cuando estén involucrados varios funcionarios asegurados. Para efectos de determinar la cobertura bajo la póliza, de acuerdo con la Modalidad de Cobertura aquí definida, queda entendido y acordado que todas las investigaciones y procesos que surjan con posterioridad a dicha notificación efectuada por primera vez, deberán ser atendidas por la misma póliza que conoció de aquella primera reclamación debidamente notificada durante la vigencia de la póliza.
A24: CONDICIONES ESPECIALES OBLIGATORIAS
A25: LA POLIZA DEBE CONTENER LAS CONDICIONES PROPIAS PARA ENTIDADES ESTATALES
A26: AMPARO DE GASTOS DE DEFENSA EN INVESTIGACION PRELIMINAR, Siempre y cuando se identifique el cargo y el el mismo haga parte de los cargos asegurados
A27: AMPARO DE DEFENSA PENAL ADMINISTRATIVA Ampara los costos procesales y gastos de defensa en que incurra el Asegurado como consecuencia de procesos penales y de investigaciones adelantadas por organismos oficiales, así como los que surjan de la defensa de las sanciones impuestas por dichos organismos, Los costos y gastos derivados de los procesos penales se pagarán por reembolso una vez se determine que el funcionario no obró dolosamente. (hacen parte del sublimite de gastos y costos judiciales)
A28: GASTOS DE DEFENSA: Subimite por Vigencia para todos los procesos $120.000.000 Sublimite $30.000.000 por persona/proceso.
A29: DEFINICION DE ASEGURADO: Se considera asegurado: Los administradores de la entidad, cuyos cargos se detallan en el formulario de solicitud adjunto a estos Pliegos de Condiciones. Cuando se de un cambio de funcionario éste se cubre automáticamente, siempre y cuando el cargo que se ocupe se encuentre en la relación de los cargos asegurados.
A30: CLAUSULA CLAIMS MADE - FECHA DE RETROACTIVIDAD: .(01 de enero de 2015)
A31: CONVENIO PARA EL PLAZO DEL PAGO DE LA PRIMA: No obstante cualquier estipulación en contrario, por la presente cláusula se deja establecido que, de acuerdo con lo estipulado en el artículo 81 de la Ley 45/90 y la Resolución numero 03750 de Diciembre 31/74 de la Superintendencia Financiera, las partes contratantes convienen que las primas causadas por el presente Contrato de seguros y los Certificados o Anexos que se emitan en aplicación al mismo serán pagadas por EL ASEGURADO en NOVENTA (90) días a partir de la fecha en que el respectivo documento sea recibido en sus oficinas, directamente por la Aseguradora y/o por el intermediario de seguros, quien deberá certificar haber recibido a satisfacción las respectivas pólizas en las condiciones contratadas; Si las pólizas no han sido correctamente elaboradas, el término para el pago solo empezará a contarse desde la fecha en que se presenten en debida forma. La demora en el pago originada por la presentación incorrecta de los documentos requeridos será responsabilidad del contratista y no tendrán por ello derecho al pago de intereses o compensación de ninguna naturaleza o a la aplicación de la terminación del contrato por mora en el pago de la prima.
... A47: GASTOS Y COSTOS DE DEFENSA EN INSTANCIAS PREVIAS : La presente póliza se extiende a cubrir los gastos y costos de defensa que se ocasionen durante las instancias previas que se presenten una vez se dicte la Resolución o Auto que ordena la apertura de la respectiva instancia preliminar. hasta $20.000.000 (hacen parte del sublimite de gastos y costos judiciales)
A48: CLAUSULAS PARTICULARES OPCIONALES REQUERIDAS | C48: S / N / D | E48: puntos
A49: SE AMPARA FALTA GRAVISIMAS CONTEMPLADAS EN LA LEY 734 de 2002 CUANDO SEAN COMETIDOS SIN DOLO
A50: SILENCIO ADMINISTRATIVO POSITIVO: Por la presente cláusula queda establecido y convenido que la Aseguradora se compromete a indemnizar los perjuicios causados a terceros, a los socios y a la entidad estatal, provenientes de la responsabilidad civil de los administradores originada en cualquier reclamación iniciada por primera vez contra los asegurados durante la vigencia de la póliza, por la declaratoria del silencio administrativo positivo en contra de la empresa de la entidad , derivada de todo acto culposo o culpa grave real o presunta cometida por los administradores, de acuerdo con la resolución 365 del 4 de Julio de 1995, expedida por la Superintendencia de Servicios Públicos y demás disposiciones legales que la modifiquen o complementen.
A51: LOS COSTOS Y GASTOS DERIVADOS DE LOS PROCESOS PENALES SE PAGAN SIN CONDICIONAMIENTO ALGUNO REFERENTE A LA INOCENCIA DEL ASEGURADO Y LA COBERTURA NO SE LIMITA HASTA EL FALLO EN PRIMERA INSTANCIA.
A52: ACCION SOCIAL DE RESPONSABILIDAD CIVIL: Queda establecido y convenido por la presente cláusula que la aseguradora indemnizará a la empresa de servicios públicos cuando se produzca una condena contra el ó los administradores como consecuencia de la acción instaurada con base en el artículo 25 de la Ley 222 de 1995.
A53: RESTABLECIMIENTO AUTOMÁTICO DE VALOR ASEGURADO POR PAGO DE SINIESTRO : En caso de siniestro el límite asegurado se rebajará en la suma indemnizada a partir de la fecha en que se efectúe el pago y se restablecerá automáticamente a su límite inicial y el Asegurado pagará la prima adicional correspondiente a prorrata. Está cláusula tiene aplicación en cualquier época, aún en aquellos casos en que la indemnización se efectúe posteriormente a la terminación de la vigencia afectada por la reclamación.
A54: SOCIEDAD TOMADORA : Por la presente cláusula queda establecido y convenido que la presente póliza ampara la totalidad de los gastos procesales y de defensa en los casos en los que la reclamación se haga también contra EL ASEGURADO sin exceder del límite asegurado pactado en la póliza.
A55: RECLAMACIONES: Este seguro se extiende a cubrir el reembolso de cualquier suma que se vea precisado a pagar el asegurado como consecuencia de los actos y omisiones a que se refiere este contrato , en el evento de que la victima, dejando de lado la eventual responsabilidad civil extracontractual que ello podria generar, opte por reclamar o iniciar en contra del asegurado una responsabiliad de tipo contractual.
A56: RECLAMACION DIRECTA: Indemnizacion si fallo de Responabilidad Fiscal. Se debe presentar acta de inicio de la investigacion e instarurar denuncia penal en contra del empleado
A57: GASTOS POR ACCIONES SINDICALES: Se conviene entre las partes y no obstante lo establecido en las condiciones generales de la Póliza y sus anexos, que la Aseguradora cubrirá los gastos que se generen por los honorarios de mediadores que traten de apaciguar la huelga ó conflictos con los empleados del ASEGURADO, generado a causa de una acción del Directivo.
A58: COBERTURA PARA GASTOS DE DEFENSA DE LA SOCIEDAD TOMADORA Y/O SUBORDINADAS: Por la presente clausula queda expresamente declarado y convenido que la presente poliza ampara la totalidad de los gastos procesales y de defensa en los casos en que la reclamacion se haga tambien contra la sociedad y/o sus subordinadas, sin exceder del limite asegurado pactado en la poliza.
A59: USO Y CONTROL DE NUEVOS PREDIOS Y EMPLEADOS: Por medio de la presente clausula se aclara que caso que a traves de funciones, compra o cualesquiera otros negocios similares, el asegurado llegare a tener el uso control de nuevos predios o que algunas personas llegaren a ser, en los mismo eventos empleado del asegurado, el amparo de la presente poliza se extiende en relacion con tales predios y empleados.
A60: GASTOS DE DEFENSA EN PROCESOS PENALES Y ADMNISTRATIVOS: Ampara los costos procesales y gastos de defensa en que incurra el Asegurado como consecuencia de procesos penales y de investigaciones adelantadas por organismos oficiales, así como los que surjan de la defensa de las sanciones impuestas por dichos organismos, Los costos y gastos derivados de los procesos penales se deben pagar sin condicionamiento alguno referente a la inocencia del asegurado y la cobertura no se limita hasta el fallo de primera instancia.
A61: COBERTURA ADICIONAL POR 24 MESES con cobro de prima siempre y cuando no sea mayor al 50% de la prima anual, por cancelación o no renovación de la póliza por decisión de la aseguradora.
A62: CARGOS ASEGURADOS | C62: CANTIDAD
A64: MIEMBROS JUNTA DIRECTIVA | C64: 5
A65: GERENTE | C65: 1
A66: SUBGERENTE DE PLANIFICACION | C66: 1
A67: SUBGERENTE CIENTIFICO | C67: 1
A68: ASESOR JURIDICO | C68: 1
A69: JEFE DE CONTROL INTERNO | C69: 1
A70: TESORERO | C70: 1
A71: CONTADOR | C71: 1
A72: TOTAL CARGOS ASEGURADOS | C72: =SUM(C64:C71) -> 12

Sheet RC Clínicas y Hospitales
A1: ANEXO Nº 5 (ESPECIFICACIONES TECNICAS SEGURO DE RESPONSABILIDAD CIVIL PROFESIONAL CLINICAS Y HOSPITALES)
A2: TOMADOR: | B2: ='Todo Riesgo Daños Materiales'!B2:E2 -> RED SALUD ARMENIA E.S.E
A3: ASEGURADO: | B3: =B2 -> RED SALUD ARMENIA E.S.E
A4: BENEFICIARIO: | B4: TERCEROS AFECTADOS
A5: NIT: | B5: ='Todo Riesgo Daños Materiales'!B5 -> 801.001.440-8
A6: PROCESO | B6: ='Todo Riesgo Daños Materiales'!B6:E6 -> PROCESO DE CONTRATACION SIMPLIFICADA O INVITACION
A7: POLIZA: | B7: RESPONSABILIDAD CIVIL PROFESIONAL CLINICAS Y HOSPITALES
A8: VIGENCIA: | B8: ='Todo Riesgo Daños Materiales'!B8:E8 -> 20000000
A9: CONDICIONES MINIMAS REQUERIDAS OBLIGATORIAS
A10: INTERES ASEGURADO | B10: COBERTURAS | C10: LIMITE ASEGURADO | E10: TASA | F10: PRIMA NETA
C11: EVENTO | D11: VIGENCIA | G11: VALOR ASEGURABLE
C12: 1643051834
A13: Amparar la responsabilidad civil propia de la clínica, hospital y/u otro establecimiento o instituciones médicas bajo las limitaciones y exclusiones descritas en el clausulado general, por la responsabilidad civil en que incurra la entidad asegurada exclusivamente como consecuencia de cualquier "acto médico" derivado de la prestación de servicios profesionales de atención en la salud de las pesonas, de eventos ocurridos y reclamados durante la vigecia de la presente póliza. | B13: Responsabilidad civil medica
B14: Uso de Equipos de Diagnostico y Terapia
B15: Errores u omisiones Profesionales
B16: Gastos judiciales | C16: Sublimite por evento de $20.000.000 | D16: 100000000
B17: Perjuicios extrapatrimoniales al 100% | C17: 821525917 | D17: =C12 -> 1643051834
A18: TOTALES | B18: PRIMA
B19: IVA
B20: TOTAL
A21: COBERTURA: | B21: SECCION PRIMERA - COBERTURA BASICA RESPONSABILIDAD CIVIL PROFESIONAL Amparo 1. La responsabilidad civil profesional del ASEGURADO por los perjuicios causados a terceros a consecuencia de un servicio médico, quirúrgico, dental, de enfermería, laboratorio, o asimilados, prestados durante la misma vigencia dentro de los predios asegurados. Esta cobertura incluye la responsabilidad civil imputable al ASEGURADO como consecuencia de las acciones y omisiones profesionales, cometidos por personal médico, paramédico, médico auxiliar, farmaceuta, laboratorista, de enfermería o asimilados, bajo relación laboral con el ASEGURADO o autorizados por este para trabajar en sus instalaciones mediante convenio especial, en el ejercicio de sus actividades al servicio del mismo. 2. La responsabilidad civil derivada de la posesión y el uso de aparatos y tratamientos médicos con fines de diagnóstico o de terapéutica, en cuanto dichos aparatos y tratamientos estén reconocidos por la ciencia médica. 3. La responsabilidad civil profesional del ASEGURADO como consecuencia de los daños causados por el suministro de bebidas y/o alimentos, materiales médicos, quirúrgicos, dentales, drogas o medicamentos, que hayan sido elaborados por el asegurado bajo su supervisión directa o por otras personas naturales o jurídicas a quienes el asegurado haya delgado su elaboración mediante convenio especial que sean necesarios para el tratamiento y estén directamente registrados mediante autoridad competente. La presente extensión aplica exclusivamente cuando dichos errores provengan de fallas del ASEGURADO en la elaboración y utilización de fórmulas, especificaciones o instrucciones incluyendo el suministro de alimentos y bebidas a los pacientes en conexión con los servicios profesionales descritos en el formulario o carátula de la póliza. Lo anterior sin perjuicio del derecho de subrogación consignado en el capítulo V, cuestiones fundamentales de carácter general. 4. La responsabilidad civil profesional del ASEGURADO por los perjuicios causados a terceros con ocasión de las cirugías reconstructivas requeridas posterior a un accidente, enfermedad o agresión, así como las cirugías correctivas de anomalías congénitas y todas aquellas ordenadas por mandato legal siempre y cuando sean destinadas a preservar la salud de la persona. En cualquiera de estos casos quedan excluidas expresamente las reclamaciones relacionadas con el resultado de la intervención. 5. La responsabilidad civil extracontractual del asegurado (PREDIOS, LABORES Y OPERACIONES), por los daños causados como consecuencia de la propiedad, posesión, uso de los predios en donde desarrolla su actividad y que aparecen en la carátula de la póliza como predios asegurados.
A22: AMPARO RETROACTIVO: CLAIMS MADE Bajo la presente póliza se amparan las indemnizaciones por las reclamaciones escritas presentadas por los terceros afectados y por primera vez al asegurado o a la aseguradora durante la vigencia de la póliza, siempre y cuando se trate de hechos ocurridos durante la misma vigencia o dentro de las vigencias anteriores contadas a partir de AGOSTO 08 DE 2008 y por los cuales el asegurado sea civilmente responsable.Siempre y cuando la póliza haya estado vigente y sin interrupciones desde la mencionada fecha. Modalidad CLAIMS MADE
A23: CONVENIO PARA EL PLAZO DEL PAGO DE LA PRIMA: No obstante cualquier estipulación en contrario, por la presente cláusula se deja establecido que, de acuerdo con lo estipulado en el artículo 81 de la Ley 45/90 y la Resolución numero 03750 de Diciembre 31/74 de la Superintendencia Financiera, las partes contratantes convienen que las primas causadas por el presente Contrato de seguros y los Certificados o Anexos que se emitan en aplicación al mismo serán pagadas por EL ASEGURADO en NOVENTA (90) días a partir de la fecha en que el respectivo documento sea recibido en sus oficinas, directamente por la Aseguradora y/o por el intermediario de seguros, quien deberá certificar haber recibido a satisfacción las respectivas pólizas en las condiciones contratadas; Si las pólizas no han sido correctamente elaboradas, el término para el pago solo empezará a contarse desde la fecha en que se presenten en debida forma. La demora en el pago originada por la presentación incorrecta de los documentos requeridos será responsabilidad del contratista y no tendrán por ello derecho al pago de intereses o compensación de ninguna naturaleza o a la aplicación de la terminación del contrato por mora en el pago de la prima.
A24: FORMATO 2 : ACEPTACION CLAUSULAS Y CONDICIONES OBLIGATORIAS
A25: MODIFICACIONES A FAVOR DEL ASEGURADO : Se amparan automaticamente los nuevos predios y oficinas durante el periodo de la poliza sin cobro de prima, siempre que estos se encuentren dentro del limite territorial establecido y mientras se mantengan como minimo las mismas protecciones de seguridad informadas a los reasegiuradores bajo los terminos acordados.
A26: AVISO DE PÉRDIDA 60 DÍAS: No obstante lo dispuesto en las condiciones la Póliza o en sus anexos, por la presente cláusula se conviene entre las partes, un término SESENTA ( 60) días HABILES para que el Asegurado de aviso al Asegurador de cualquier evento que afecte a la presente Póliza, contados a partir de la fecha en que haya tenido conocimiento de dicho evento, sin perjuicio de lo establecido en el artículo 1081 del Código de Comercio.
A27: REVOCACIÓN , NO RENOVACIÓN O MODIFICACIONES DE LA PÓLIZA Y SUS ANEXOS: La Aseguradora deberá dar aviso por escrito aL ASEGURADO, con una anticipación de noventa (90) días, en caso que decida modificar, revocar o no renovar esta póliza y/o alguno de sus amparos adicionales o modificar cualquiera de sus condiciones. En caso de revocación la aseguradora devolverá al asegurado, la proporción de prima correspondiente al tiempo que falte para el vencimiento de la Póliza, liquidada a prorrata. Si la revocación es solicitada por EL ASEGURADO , la Aseguradora devolverá el valor de la prima no corrida del riesgo, liquidada a Prorrata.
A28: CONOCIMIENTO DEL RIESGO: Por medio de la presente cláusula, la (s) Compañía(s) Aseguradora(s) declara (n) que conocen los riesgos y por consiguiente dejan constancia del conocimiento y aceptación de las circunstancias y condiciones de los mismos. En consecuencia de lo anterior, los proponentes no podrán en ningún caso, oponer excepciones, ni formular objeciones fundamentadas en la circunstancia de no haber llevado a cabo la visita de inspección de los bienes o en el desconocimiento de los mismos.
A29: GASTOS Y COSTOS DE DEFENSA: La presente cobertura ampara las COSTAS, GASTOS, INTERESES, CAUCIONES O FIANZAS Y HONORARIOS por cualquier demanda infundada o no, que se proponga en contra del asegurado o el asegurador por razón de errores y/u omisiones del asegurado, e independientemente de la Responsabilidad o Indemnización que se reclame, se encuentre amparado; PERO siempre y cuando la defensa se derive de un ACTO MEDICO U OMISION MEDICA (entiéndase del personal autorizado por el asegurado)
A30: NOMBRAMIENTO DE AJUSTADOR: En caso de siniestro que afecte las pólizas contratadas y en los que a juicio de la aseguradora se deba asignar Ajustador, dichos Ajustadores no podrán ser asignados unilateralmente por la aseguradora, sino bajo los siguientes parámetros: • Se escogerá al inicio de la vigencia de las pólizas una terna de firmas Ajustadores nominada por EL ASEGURADO y la ASEGURADORA. La asignación del Ajustador proveniente de la terna inicialmente escogida, deberá realizarse dentro de los 3 días hábiles siguientes a la fecha del reporte del siniestro y el Ajustador deberá contactar al asegurado y efectuar las visitas correspondientes dentro de los 2 días hábiles siguientes a la fecha de designación. En caso contrario, se designará otro integrante de la terna preseleccionada.
A31: AMPARO POR CULPA GRAVE: No obstante lo establecido en las condiciones particulares y generales de la póliza y sus anexos, por la presente cláusula queda establecido y convenido que la presente póliza se extiende a amparar la culpa grave de los asegurados, siempre y cuando no se asemeje al dolo.
A32: Responsabilidad Civil derivada del Transporte de pacientes dentro y fuera de los predios
A33: AVISO DE PÉRDIDA 60 DÍAS: No obstante lo dispuesto en las condiciones la Póliza o en sus anexos, por la presente cláusula se conviene entre las partes, un término sesenta ( 30) días HABILES para que el Asegurado de aviso al Asegurador de cualquier evento que afecte a la presente Póliza, contados a partir de la fecha en que haya tenido conocimiento de dicho evento, sin perjuicio de lo establecido en el artículo 1081 del Código de Comercio.
... A35: ERRORES Y OMISIONES NO INTENCIONALES : El tomador esta obligado a declarar sinceramente los hechos o circunstancias que determinen el estado del riesgo, la inexactitud sobre hechos o circunstancias que conocidas por la compañía, la hubiere retraído de celebrar el contrato, o inducido a estipular condiciones más onerosas, produce la nulidad relativa del seguro. Sin embargo, si el tomador incurriere en errores, omisiones o inexactitudes inculpables a él o al asegurado, el contrato de seguro al cual se adhiere este documento no será nulo, ni habrá lugar a la aplicación del inciso tercero del Art. 1058 del Código de Comercio sobre reducción porcentual de la prestación asegurada. En ese caso, se deberá pagar la prima adecuada al verdadero estado del riesgo: la cual será calculada a la (s) tasa (s) establecida (s) en la (s) póliza (s) a prorrata y en las mismas condiciones en que viene suscrito el riesgo.
A36: CLAUSULAS Y CONDICIONES PARTICULARES OPCIONALES REQUERIDAS | E36: S / N / D | F36: PUNTOS
A37: EXTENSIÓN DE COBERTURA, CON TÉRMINO DE 24 MESES, con cobro adicional máximo del 50% de la prima anual ofrecida para este proceso. Bajo esta cláusula, queda expresamente acordado que la cobertura del seguro se extiende por el período de 24 meses, bajo las mismas condiciones pactadas dentro del presente proceso de contratación, para amparar las reclamaciones que se formulen con posterioridad al vencimiento de la vigencia de la póliza, exclusivamente respecto de actos incorrectos y eventos cubiertos bajo la misma y ocurridos durante la referida vigencia.
A38: RESTABLECIMIENTO AUTOMÁTICO DE VALOR ASEGURADO POR PAGO DE SINIESTRO : Una vez vigencia de la póliza, en caso de siniestro el límite asegurado se rebajará en la suma indemnizada a partir de la fecha en que se efectúe el pago y se restablecerá automáticamente a su límite inicial y el Asegurado pagará la prima adicional correspondiente a prorrata. | G38: =+IF(E38="S",F38,IF(E38="N",0,F38/2)) -> 0 | H38: =+IF(F38="S",G38,IF(F38="N",0,G38/2)) -> 0
A39: Período extendido de reclamación, hasta 24 meses con previo aviso de 15 días y cobro de prima del 100% de la vigencia anual.
A40: Responsabilidad civil profesional de las actividades netamente administrativas. | G40: =+IF(E40="S",F40,IF(E40="N",0,F40/2)) -> 0 | H40: =+IF(F40="S",G40,IF(F40="N",0,G40/2)) -> 0
A41: RECLAMACIONES: Este seguro se extiende a cubrir el reembolso de cualquier suma que se vea precisado a pagar el asegurado como consecuencia de los actos y omisiones a que se refiere este contrato , en el evento de que la victima, dejando de lado la eventual responsabilidad civil extracontractual que ello podria generar, opte por reclamar o iniciar en contra del asegurado una responsabiliad de tipo contractual. | G41: =+IF(E41="S",F41,IF(E41="N",0,F41/2)) -> 0 | H41: =+IF(F41="S",G41,IF(F41="N",0,G41/2)) -> 0
A42: EXTENSION POR ACTOS DE EMPLEADOS: Se extiende a cubrir la responsabilidad civil extracontractual del asegurado a consecuencia de los actos u omisiones cometidas por los empleados a su servicio, incluidos los temporales, ocasionales transitorios, estudiantes en practica, durante el desempeño de sus funciones dentro de la Republica de Colombia y en el exterior, siendo entendido que todo juicio o demanda deberá ser entablada ante las autoridades competentes colombianas.
A43: EXTENSION DEL SITIO O SITIOS DONDE SE ASEGURA EL RIESGO: Por medio de la presente Cláusula se conviene en amparar en todas sus partes la Responsabilidad Civil del Asegurado, derivada de los perjuicios patrimoniales y extrapatrimoniales, causados a bienes de terceros, lesiones personales ó muerte a terceros, por empleados, personal a su servicio, durante el desempeño de sus funciones en el giro normal de sus negocios, siempre y cuando las funciones sean objeto de cobertura en el presnete seguro y en cualquier sitio o sitios, donde se hallen desempeñando las mismas.
A44: MODIFICACIÓN DEL ESTADO DEL RIESGO No obstante lo estipulado en las condiciones generales de la póliza y sus anexos, con cobro de prima, la presente cláusula se establece una limitación a la obligación que el Asegurado notifique los hechos o circunstancias que agraven el riesgo durante la vigencia del contrato, en el sentido, que la aseguradora solo puede invocarla cuando exista relación de causalidad entre la agravación y el siniestro. Se ampararán automáticamente los riesgos cuya agravación se informe, hasta el pronunciamiento del asegurador en contrario.
A45: LIBRE ESCOGENCIA DE ABOGADO PARA LA DEFENSA. Mediante esta condición, queda expresamente acordado que la selección de los profesionales encargados de la defensa corresponderá a la E.S.E. REDSALUD, o los funcionarios que ésta designe, quienes para su aprobación presentarán a la compañía la propuesta correspondiente. La compañía podrá, previa solicitud y de común acuerdo con la ENTIDAD asumir la defensa de cualquier litigio o procedimiento legal a nombre del asegurado, a través de abogados elegidos por éste.
A46: COBRO POSTERIOR DE DEDUCIBLE: Se conviene entre las partes y no obstante lo establecido en las condiciones generales de la Póliza y sus anexos, que la Aseguradora, por solicitud expresa del Asegurado no deducirá, ningún porcentaje del valor total de la respectiva indemnización, cuando esta se efectúe a una tercera persona, natural o jurídica, distinta al asegurado, según las cláusulas de pago de indemnizaciones. Igualmente se conviene, que el Asegurado pagará a la Aseguradora con base en la cuenta que se presentarà oportunamente y dentro de los NOVENTA (90) días contados a partir del recibo de las facturas en sus dependencias, el monto ó porcentaje de la indemnización, correspondiente al deducible que quede a su cargo.
F47: =SUM(F38:F41) -> 0 | G47: =SUM(G38:G41) -> 0
A48: CLAUSULAS PARTICULARES SOLICITADAS: Indicar con una S si es aceptada, con una N si es negada, con una D si es aceptada con desviacion, para lo cual debe estipular en el formato de desviaciones el texto propuesto.
A49: DEDUCIBLE | C49: PROPUESTA
A50: TODAS LAS COBERTURAS % del valor de la perdida, minimo SMMLV. | H50: 20% de la perdida minimo $ 20.000.000
A51: GASTOS DE DEFENSA % del valor de la perdida, minimo SMMLV. | H51: igual

Sheet Automoviles
A1: ANEXO Nº 7 (ESPECIFICACIONES TECNICAS SEGURO DE AUTOMOVILES)
A2: TOMADOR: | B2: ='Todo Riesgo Daños Materiales'!B2:E2 -> RED SALUD ARMENIA E.S.E
A3: ASEGURADO: | B3: =B2 -> RED SALUD ARMENIA E.S.E
A4: BENEFICIARIO: | B4: =B3 -> RED SALUD ARMENIA E.S.E
A5: NIT: | B5: ='Todo Riesgo Daños Materiales'!B5:E5 -> 801.001.440-8
A6: PROCESO | B6: ='Todo Riesgo Daños Materiales'!B6:E6 -> PROCESO DE CONTRATACION SIMPLIFICADA O INVITACION
A7: POLIZA: | B7: AUTOMOVILES
A8: VIGENCIA: | B8: ='Todo Riesgo Daños Materiales'!B8:E8 -> 20000000
A9: COBERTURAS OBLIGATORIAS
A10: AUTOMOVILES
A11: INTERES Y BIENES ASEGURADOS | B11: AMPAROS | C11: VALOR ASEGURADO MINIMO REQUERIDO | D11: PROPUESTA ASEGURADORA PARA RCE | E11: TASA | F11: PRIMA NETA
A12: Vehículos propiedad del asegurado | B12: Responsabilidad Civil Extracontractual : (Cubre lucro cesante y perjuicios extrapatrimoniales )
B13: Daños a bienes de terceros | C13: 1000000000
B14: Lesiones o muerte a una persona | C14: 1000000000
B15: Lesiones o muerte a dos o más personas | C15: 2000000000
B16: Perdida Total para Daños | C16: V/r Comercial guia fasecolda + accesorios no originales
B17: Perdida Parcial para Daños
B18: Perdida Total para Hurto
B19: Perdida Parcial para Hurto
A20: Ver Relacion Anexo No. 6A | B20: Terremoto
B21: Proteccion Patrimonial | C21: SI
B22: Gastos de Transporte por perdida totale Daños solo livianos | C22: SI
B23: Gastos de Transporte por perdidas total Hurto solo livianos | C23: SI
B24: Asistencia Juridica Penal | C24: SI
B25: Asistencia Juridica Civil | C25: SI
B26: Asistencia en Viaje | C26: SI
B27: Accidentes personales(Solo para el conductor | C27: $30.000 por 30 días
B28: hmccop, amit y terrorismo | C28: SI
C29: PRIMA NETA
C30: IVA
C31: TOTAL
A32: CONDICIONES ESPECIALES OBLIGATORIAS
A33: CONVENIO PARA EL PLAZO DEL PAGO DE LA PRIMA: No obstante cualquier estipulación en contrario, por la presente cláusula se deja establecido que, de acuerdo con lo estipulado en el artículo 81 de la Ley 45/90 y la Resolución numero 03750 de Diciembre 31/74 de la Superintendencia Financiera, las partes contratantes convienen que las primas causadas por el presente Contrato de seguros y los Certificados o Anexos que se emitan en aplicación al mismo serán pagadas por EL ASEGURADO en NOVENTA (90) días a partir de la fecha en que el respectivo documento sea recibido en sus oficinas, directamente por la Aseguradora y/o por el intermediario de seguros, quien deberá certificar haber recibido a satisfacción las respectivas pólizas en las condiciones contratadas; Si las pólizas no han sido correctamente elaboradas, el término para el pago solo empezará a contarse desde la fecha en que se presenten en debida forma. La demora en el pago originada por la presentación incorrecta de los documentos requeridos será responsabilidad del contratista y no tendrán por ello derecho al pago de intereses o compensación de ninguna naturaleza o a la aplicación de la terminación del contrato por mora en el pago de la prima.
A34: CONTINUIDAD DE COBERTURA: Se otorga continuidad de seguros a los vehículos que vienen amparados y por lo tanto la propuesta no debe contener ningún tipo de restricciones en cuanto al estado, modelo y características de los vehículos, ni exigencias de inspecciones.
A35: NO APLICACIÓN DE DEDUCIBLES PARA ENTIDADES ESTATALES: La Aseguradora no aplicará ningún tipo de deducible en las coberturas del ramo de automóviles.
A36: FORMATO 2 : ACEPTACION CLAUSULAS Y CONDICIONES OBLIGATORIAS
A37: REVOCACIÓN , NO RENOVACIÓN O MODIFICACIONES DE LA PÓLIZA Y SUS ANEXOS: La Aseguradora deberá dar aviso por escrito aL ASEGURADO, con una anticipación de noventa (90) días, en caso que decida modificar, revocar o no renovar esta póliza y/o alguno de sus amparos adicionales o modificar cualquiera de sus condiciones. En caso de revocación la aseguradora devolverá al asegurado, la proporción de prima correspondiente al tiempo que falte para el vencimiento de la Póliza, liquidada a prorrata. Si la revocación es solicitada por EL ASEGURADO , la Aseguradora devolverá el valor de la prima no corrida del riesgo, liquidada a Prorrata.
A38: CONOCIMIENTO DEL RIESGO: Por medio de la presente cláusula, la (s) Compañía(s) Aseguradora(s) declara (n) que conocen los riesgos y por consiguiente dejan constancia del conocimiento y aceptación de las circunstancias y condiciones de los mismos. En consecuencia de lo anterior, los proponentes no podrán en ningún caso, oponer excepciones, ni formular objeciones fundamentadas en la circunstancia de no haber llevado a cabo la visita de inspección de los bienes o en el desconocimiento de los mismos.
A39: ACUERDO PARA AJUSTE EN CASO DE SINIESTRO: Por medio de la presente Cláusula se conviene que todos los siniestros serán ajustados conforme al procedimiento especial de ajuste que se acuerde entre el Asegurador y Asegurado, y que bajo estas condiciones, operará el Ajustador que se designe cuando sea necesario
A40: NOMBRAMIENTO DE AJUSTADOR: En caso de siniestro que afecte las pólizas contratadas y en los que a juicio de la aseguradora se deba asignar Ajustador, dichos Ajustadores no podrán ser asignados unilateralmente por la aseguradora, sino bajo los siguientes parámetros: • Se escogerá al inicio de la vigencia de las pólizas una terna de firmas Ajustadores nominada por EL ASEGURADO y la ASEGURADORA. • Las firmas seleccionadas deberán tener sede principal u oficina similar en la ciudad de Armenia. La asignación del Ajustador proveniente de la terna inicialmente escogida, deberá realizarse dentro de los 3 días hábiles siguientes a la fecha del reporte del siniestro y el Ajustador deberá contactar al asegurado y efectuar las visitas correspondientes dentro de los 2 días hábiles siguientes a la fecha de designación. En caso contrario, se designará otro integrante de la terna preseleccionada.
A41: NO CONCURRENCIA DE DEDUCIBLES: De presentarse un evento indemnizable bajo la presente póliza, en cualquiera de sus secciones o por cualquiera de los riesgos cubiertos por la misma, que afecte a dos o más artículos o bienes amparados y si en los mismos figuran deducibles diferentes, para los efectos de liquidación de siniestro, se aplicará únicamente el deducible cuya cobertura se afectó por el origen del siniestro y no la sumatoria de ellos.
A42: DEDUCIBLE PARA LOS EVENTOS CATASTROFICOS ( HUELGA, MOTÍN, ASONADA, CONMOCIÓN CIVIL TERRORISMO Y ACTOS MAL INTENCIONADOS DE TERCEROS) : Por medio de la presente Cláusula se deja establecido y convenido que la aseguradora considerará como un solo siniestro todos los daños y pérdidas causadas a los bienes amparados por éstos eventos, que ocurran dentro de un lapso de 72 horas y así mismo les aplicará un solo deducible.
A43: PAGO DE INDEMNIZACIONES :No obstante lo estipulado en la Cláusula de indemnizaciones del presente Contrato se conviene entre las partes, que el pago de la indemnización o la autorización de reparar el bien afectado por la realización de un riesgo amparado, se hará a quién designe el Asegurado, previa información escrita a la Aseguradora y con la firma de la solicitud de indemnización correspondiente, todo, teniendo en cuenta los controles administrativos que posee el asegurado . Igualmente, se conviene que en caso de reparaciones o reposiciones, se tendrá prelación por la firma con la cual el Asegurado posea relaciones comerciales o sea su contratista.
... A75: RESTABLECIMIENTO AUTOMATICO DEL VALOR ASEGURADO POR SINIESTRO PARA LA COBERTURA DE RCE:
A76: CLAUSULAS PARTICULARES OPCIONALES REQUERIDAS | E76: S / N / D | F76: PUNTOS
A77: EXTENSION DE COBERTURA POR RESPONSABILIDAD CIVIL EXTRACONTRACTUAL HURTO DEL VEHICULO AMPARADO : Queda expresamenet declarado y convenidos que en caso de hurto del vehiculo asegurados, la cobertura se extiende a amparar todo suceso ocasionado por el vehiculo como consecuencia del hurto. | G77: =+IF(E77="S",F77,IF(E77="N",0,F77/2)) -> 0
A78: Gastos de transportes para Perdidad parciales $ 100.000 diarios por Sesenta (60) dias : . Mediante este amparo la cia indenimnizara al asegurado los gastos en que incurra por la movilizacion, en caso de inmovilizacion del vehiculo,como consecuencia de la declaratoria de perdida parcial por daño o por perdida parcial por hurto,.La suma asegurada para este amparo sera el equivalente al estipulado en la presente clausula por cada dia de atencion del siniestro.
A79: AUTORIZACION PARA REPARACIONES EN CASO DE SINIESTRO : Por medio de la presente clausula, se autoriza a H:U:V para iniciar trabajos conducentes a identificar el alcance y magnitud de las fallas y/o adelantar las reparaciones necesarias inmediatamente despues de un sinisetro sin consultar previamente a la aseguradora, siempre que estas reparaciones no excedan en mas de VEINTE MILLONES DE PESOS ( $20.000.000) mtce , el deducible pactado y bajo compromiso de : a. Informar el siniestro a la aseguradora dentro de los treinta (30) dias habiles siguientes a la fecha del msimo .b. Presentar informe detallado del siniestro .c. Presentar todaslas facturas realcionadas con la reparacion .La aseguradora se reserva el derecho de inspeccionar y pedir informes adiconales cuando a su juicio lo considere necesario, aun despues de haber sido hecha la reparacion. | G79: =+IF(E79="S",F79,IF(E79="N",0,F79/2)) -> 0
A80: TRANSPORTE DE MERCANCÍAS AZAROSAS, INFLAMABLES O EXPLOSIVAS: La presente póliza cubre automáticamente toda pérdida ó daño del vehículo asegurado, así como la responsabilidad civil extracontractual que se pueda generar cuando el vehículo sea utilizado para transportar mercancías azarosas, inflamables ó explosivas, para el uso normal de las actividades deL ASEGURADO.
A81: GASTOS ADICIONALES hasta por $ 3.000.0000 : No obstante lo establecido en las condiciones generales de la póliza, queda expresamente declarado y convenido que en caso de reclamaciones por perdidas parciales por daños o perdidas parciales por hurto, la aseguradora anticipara la suma requerida por el asegurado, hasta por el monto establecido en la presente clausula, para sufragar los gastos necesarios en que el asegurado deba incurrir para adelantar los respectivas gestiones de tramites del vehículos siniestrado. | G81: =+IF(E82="S",F82,IF(E82="N",0,F82/2)) -> 0
A82: INEXISTENCIA DE PARTES EN EL MERCADO: Queda expresamente declardo y convenido que en caso de que las partes, accesorios o piezas necesarias para una reparacion o reemplazo, no se encontraren en el comercio locasl de repuestos, la aseguradora adaelantara los tramites necesaraio ante el almacen, la distribuidora o la representante en colombia para obtener la importacion de los mismos.
A83: VEHICULO DE REEMPLAZO: La aseguradora otorgara un vehiculo de reemplazo con cobertura gratuita, como consecuencia de una reclamacion que ocasione la inmovilizacion del vehiculo asegurado, por reclamaciones de perdidast totales o parciales por danos o hurto. al cual le son aplicables las mismas condicions establecidas en el presente anexo,Por ser entidad estatal y teniendo en cuenta que no tiene aplicacion de Deducible, se otorga sin ningun tipo de restricciones o condiciones .( excluye motocicletas y pesados)
A84: Accidentes Personales: Cubre la muerte o desmenbaracioN que sufra el conductor autorizado ocurrida como consecuencia unica y exclusiva de un acontecimiento subito , accidental e independiente de su voluntad. Este amparo opera solamente cuando el conductor aturoizado es persona natural y la muerte o desmembracion ocurre cuando vaya como conductor del vehiculo descrito en la poliza o de cualquier otro vehiculo de similares caracteristicas, hasta por la suma de $ 80.000.000
F85: =SUM(F77:F84) -> 0
A86: CLAUSULAS PARTICULARES SOLICITADAS :Si la clausula es aceptada anotar una S, si es negada una N o si es aceptada con desviacion, indicar en el formato de desviaciones el texto propuesto.
A87: DEDUCIBLES
A88: Sin aplicación del deducible
A89: REGISTRO SUPERBANCARIA - POLIZA: ANEXAR CONDICIONADO Y TEXTOS DE CLAUSULAS
A90: NOTA: SE DEBE DILIGENCIAR UNICAMENTE LA PARTE SOMBREADA EN GRIS. LAS DEMAS AREAS DEL CUADRO NO DEBEN SER MODIFICADAS

Sheet Relacion Automoviles
A1: ANEXO 7 A RELACION DEL PARQUE AUTOMOTOR
A2: TOMADOR: | D2: ='Todo Riesgo Daños Materiales'!B2 -> RED SALUD ARMENIA E.S.E
A3: ASEGURADO : | D3: =D2 -> RED SALUD ARMENIA E.S.E
A4: BENEFICIARIO: | D4: =D2 -> RED SALUD ARMENIA E.S.E
A5: NIT | D5: ='Todo Riesgo Daños Materiales'!B5 -> 801.001.440-8
A6: PROCESO | D6: =Automoviles!B6 -> PROCESO DE CONTRATACION SIMPLIFICADA O INVITACION
A7: POLIZA: | D7: AUTOMOVILES
A8: VIGENCIA | D8: ='Todo Riesgo Daños Materiales'!B8 -> 20000000
A9: ITEM | B9: PLACA | C9: MARCA | D9: TIPO | E9: CLASE | F9: SERVICIO | G9: MODELO | H9: CILINDRAJE | I9: CODIGO FASECOLDA | J9: MOTOR | K9: CHASIS | L9: VALOR ASEGURADO | M9: HABITACULO | N9: TOTAL | O9: TASA % | P9: PRIMA SIN IVA | Q9: IVA | R9: PRIMA TOTAL
A10: 1 | B10: OCH 737 | C10: RENAULT | D10: CAMIONETA | E10: TRAFIC | F10: OFICIAL(AMBULANCIA) | G10: 2015 | H10: 2000 | I10: 08006043 | J10: M9RM786C205656 | K10: VF1FLBUDCFY777005 | L10: 77700000 | M10: =135000000-L10 -> 57300000 | N10: =L10+M10 -> 135000000
A11: =A10+1 -> 2 | B11: OCH721 | C11: VOLKSWAGEN | D11: MICROBUS | E11: TRANSPORTER KOMBI | F11: OFICIAL | G11: 2013 | H11: 2000 | I11: 09206062 | J11: CAA489905 | K11: WV1ZZZ7HZDH057789 | L11: 72200000 | M11: 0 | N11: =L11+M11 -> 72200000
A12: =A11+1 -> 3 | B12: OCH736 | C12: RENAULT | D12: CAMIONETA | E12: TRAFIC | F12: OFICIAL(AMBULANCIA) | G12: 2015 | H12: 2000 | I12: 08006043 | J12: M9RM786C205664 | K12: VF1FLBUDCFY777241 | L12: 77700000 | M12: =135000000-L12 -> 57300000 | N12: =L12+M12 -> 135000000
A13: =A12+1 -> 4 | B13: OCH797 | C13: VOLKSWAGEN | D13: CAMIONETA | E13: AMAROK COMFORTLINE | F13: OFICIAL | G13: 2021 | H13: 2000 | I13: 09221021 | J13: CSH244489 | K13: WV1ZZZ2HZMA020036 | L13: 163300000 | M13: 0 | N13: =L13+M13 -> 163300000
A14: =A13+1 -> 5 | B14: OCL959 | C14: NISSAN | D14: CAMIONETA | E14: NV350 TECHO ALTO | F14: OFICIAL(AMBULANCIA) | G14: 2023 | H14: 2500 | I14: 06407008 | J14: YD25113129B | K14: JN1KC4E26Z0030040 | L14: 174600000 | M14: =289332126-L14 -> 114732126 | N14: =L14+M14 -> 289332126
A15: =A14+1 -> 6 | B15: OCL960 | C15: NISSAN | D15: CAMIONETA | E15: NV350 TECHO ALTO | F15: OFICIAL(AMBULANCIA) | G15: 2023 | H15: 2500 | I15: 06407008 | J15: YD25113174B | K15: JN1KC4E26Z0030039 | L15: 174600000 | M15: =289332126-L15 -> 114732126 | N15: =L15+M15 -> 289332126
A16: =A15+1 -> 7 | B16: OCL962 | C16: JAC | D16: CAMION | E16: CAMION | F16: OFICIAL(AMBULANCIA) | G16: 2023 | H16: 2800 | I16: 11364029 | J16: N4402808 | K16: LJ11KDBD8P1103379 | L16: 141000000 | M16: =330900000-L16 -> 189900000 | N16: =L16+M16 -> 330900000
A17: 8 | B17: ONJ 016 | C17: TOYOTA | D17: CAMIONETA | E17: CAMIONETA | F17: OFICIAL(AMBULANCIA) | G17: 2007 | H17: 2700 | I17: 09036060 | J17: 80259922TR | K17: MR0CX12G070020897 | L17: 158500000 | M17: 0 | N17: =L17+M17 -> 158500000
A18: 9 | B18: OCH 815 | C18: CHEVROLET | D18: CAMIONETA | E18: CAMIONETA | F18: OFICIAL | G18: 2024 | H18: 3000 | I18: 01621110 | J18: 4JZ1229K85 | K18: 9GDNLR883RB002500 | L18: 198987000 | N18: =L18 -> 198987000
A19: TOTALES | L19: =SUM(L10:L18) -> 1238587000 | M19: =SUM(M10:M18) -> 533964252 | N19: =SUM(N10:N18) -> 1772551252
A20: La propuesta se debe presentar con los valores establecidos para que haya uniformidad en la informacion

Sheet Soat
A1: ANEXO No 10 SEGURO OBLIGATORIO DE ACCIDENTES DE TRANSITO
A2: TOMADOR: | F2: ='Todo Riesgo Daños Materiales'!B2 -> RED SALUD ARMENIA E.S.E
A3: ASEGURADO : | F3: =F2 -> RED SALUD ARMENIA E.S.E
A4: BENEFICIARIO: | F4: =F2 -> RED SALUD ARMENIA E.S.E
A5: NIT | F5: ='Todo Riesgo Daños Materiales'!B5 -> 801.001.440-8
A6: PROCESO | F6: =Automoviles!B6 -> PROCESO DE CONTRATACION SIMPLIFICADA O INVITACION
A7: POLIZA: | F7: SEGURO OBLIGATORIO DE ACCIDENTES DE TRNASITO
A8: VIGENCIA | F8: ANUAL A PARTIR DE CADA VENCIMIENTO
A9: No | B9: PLACAS | C9: MARCA | D9: CLASE | E9: TIPO | F9: MODELO | G9: C.C. | H9: MOTOR | I9: CHASIS | J9: VENCIMIENTO SOAT | K9: VALOR 2025
A10: 1 | B10: OCH 737 | C10: RENAULT | D10: CAMIONETA | E10: OFICIAL(AMBULANCIA) | F10: 2015 | G10: 2000 | H10: M9RM786C205656 | I10: VF1FLBUDCFY777005 | J10: 45937 | K10: 1116800
A11: 2 | B11: OCH721 | C11: VOLKSWAGEN | D11: MICROBUS | E11: OFICIAL | F11: 2013 | G11: 2000 | H11: CAA489905 | I11: WV1ZZZ7HZDH057789 | J11: 45855 | K11: 1013600
A12: 3 | B12: OCH736 | C12: RENAULT | D12: CAMIONETA | E12: OFICIAL(AMBULANCIA) | F12: 2015 | G12: 2000 | H12: M9RM786C205664 | I12: VF1FLBUDCFY777241 | J12: 45937 | K12: 1116800
A13: 4 | B13: OCH797 | C13: VOLKSWAGEN | D13: CAMIONETA | E13: OFICIAL | F13: 2021 | G13: 2000 | H13: CSH244489 | I13: WV1ZZZ2HZMA020036 | J13: 45845 | K13: 942800
A14: 5 | B14: OCL959 | C14: NISSAN | D14: CAMIONETA | E14: OFICIAL(AMBULANCIA) | F14: 2023 | G14: 2500 | H14: YD25113129B | I14: JN1KC4E26Z0030040 | J14: 45690 | K14: 1255100
A15: 6 | B15: OCL960 | C15: NISSAN | D15: CAMIONETA | E15: OFICIAL(AMBULANCIA) | F15: 2023 | G15: 2500 | H15: YD25113174B | I15: JN1KC4E26Z0030039 | J15: 45690 | K15: 1255100
A16: 7 | B16: OCL962 | C16: JAC | D16: CAMION | E16: OFICIAL(AMBULANCIA) | F16: 2023 | G16: 2800 | H16: N4402808 | I16: LJ11KDBD8P1103379 | J16: 45708 | K16: 1105900
A17: 8 | B17: ONJ 016 | C17: TOYOTA | D17: CAMIONETA | E17: OFICIAL(AMBULANCIA) | F17: 2007 | G17: 2700 | H17: 80259922TR | I17: MR0CX12G070020897 | J17: 45731 | K17: 1504700
A18: 9 | B18: OCH 815 | C18: CHEVROLET | D18: CAMIONETA | E18: CAMIONETA | F18: OFICIAL | G18: 2024 | H18: 3000 | I18: 9GDNLR883RB002500 | J18: 45696 | K18: 1063000

Sheet Vida Grupo
A1: ANEXO No 9 - ESPECIFICACIONES TECNICA SEGURO DE GRUPO VIDA (EMPLEADOS)
A2: TOMADOR: | B2: ='Todo Riesgo Daños Materiales'!B2:E2 -> RED SALUD ARMENIA E.S.E
A3: ASEGURADO : | B3: =+B2 -> RED SALUD ARMENIA E.S.E
A4: BENEFICIARIO: | B4: =+B2 -> RED SALUD ARMENIA E.S.E
A5: NIT | B5: ='Todo Riesgo Daños Materiales'!B5:E5 -> 801.001.440-8
A6: RAMO Y POLIZA No. | B6: GRUPO VIDA
A7: PROCESO | B7: =Automoviles!B6 -> PROCESO DE CONTRATACION SIMPLIFICADA O INVITACION
A8: VIGENCIA | B8: =#REF! -> #REF!
A9: CONDICIONES MINIMAS REQUERIDAS OBLIGATORIAS
A10: INTERES ASEGURADO | B10: AMPAROS | C10: VALOR ASEGURADO | D10: PROPUESTA CIA | E10: TASA | F10: PRIMA
A11: FUNCIONARIOS DE LA ENTIDAD | B11: Vida | C11: =#REF! -> #REF!
B12: Incapacidad Total y permanente | C12: =C11 -> #REF!
B13: Indemnizaciòn adicional por muerte accidental y Beneficios por Desmembracion Accidental | C13: =C11 -> #REF!
B14: Enfermedades graves 50% | C14: =C11/2 -> #REF!
B15: Auxilio funerario | C15: =#REF! -> #REF!
B16: Gastos Medicos Por Accidente | C16: =#REF! -> #REF!
E17: PRIMA | F17: =F11
A18: TOTAL ASEGURADOS: VER Relacion anexo
A19: DETERMINACION DEL VALOR ASEGURADO INDIVIDUAL | B19: VEINTE MILLONES DE PESOS POR ASEGURADO
A20: CONDICIONES ESPECIALES REQUERIDAS
A21: COBERTURAS | B21: EDAD MAXIMA DE INGRESO | D21: EDAD MAXIMA DE PERMANENCIA
A22: Amparo basico y Aux. funerario | B22: 70 | D22: INDEFINIDA
A23: Incapacidad total y permanente | B23: 64 | D23: 70 años
A24: Enfermedades graves | B24: 64 | D24: 70 años
A25: Indemnizacion adicional por muerte accidental | B25: 64 | D25: 70 años
A26: Gastos médicos por accidentes | B26: 70 | D26: INDEFINIDA
A27: El amparo basico cubre el suicidio y el sida no preexistente desde el inicio de la vigencia.
A28: Renta por Incapacidad Temporal | B28: $50,000 diarios por 10 dias (excepto los tres primeros dias) Maximo 5 eventos vigencia por asegurado
A29: Renta por Hospitalizacion por 90 dias | B29: $50,000 diarios
A30: Renta por Hospitalizacion en UCI por 8 dias | B30: $50,000 diarios
A31: SIDA: La presente póliza se extiende a cubrir el SIDA , siempre que no sea preexistente a la fecha de ingreso del asegurado a la póliza ( aplica para nuevos asegurados), bien sea que afecte el amparo Básico o el de Incapacidad Total y Permanente.
A32: IRREDUCTIBILIDAD Y CONVERSION: Los beneficios de irreductibilidad y conversión tienen efecto desde la fecha de iniciación de la póliza y desde el momento en que toda persona ingresa al grupo asegurado
A33: El fallecimiento por Actos terroristas se considera muerte accidental.
A34: EL FALLECIMIENTO POR HOMICIDIO SE CONSIDERA MUERTE ACCIDENTAL
A35: EXTENSIÒN DE COBERTURAS( para todas las coberturas excepto Enfermedades graves): Se amparan los eventos accidentales causados por terrorismo, muerte causada con armas de fuego,cortante, punzante o contundente, el Homicidio en cualquiera de sus modalidades, Peleas, riñas, atraco, embriaguez, contravenciones, fenòmenos de la naturaleza, picaduras de insectos, infecciones baterianas, practica de deportes de alto riesgo en calidad de aficionado,accidentes en motocicletas, bicicletas , vehiculos a motor, ahogamiento,mordeduras de animales cuando el asegurado se encuentre como pasajero en naves o aeronaves de lineas no comerciales y siempre y cuando no haga parte de la tripulacion y tecnicos de dichos aparatos.
A36: CLAUSULA DE AMPARO AUTOMATICO: Con sujeción a los valores asegurados pactados, la póliza ampara automáticamente a todas las personas que entren a formar parte del grupo asegurado, incluyendo cualquier variación en la suma asegurada que se presente, desde la fecha en que tales modificaciones aparezcan en los registros internos del ASEGURADO. El asegurado se compromete a reportar el numero total de asegurados al final de la vigencia con base en lo cual se efectuara el ajuste anual de prima correspondiente. La cobertura otorgada por la presente póliza se suspende cuando el asegurado se retira así sea temporalmente del ejercicio de sus funciones, amparándose automáticamente la persona que entra en su reemplazo y se restablece automáticamente la cobertura tan pronto la persona se reintegre al ejercicio de sus funciones en RED SALUD ARMENIA E.S.E otorgándose continuidad de cobertura y sin exigir requisitos de asegurabilidad.
A37: DESAPARECIMIENTO: Desapariciòn en Catàstrofes Naturales como Terremotos, Inundaciones y Maremotos. Desaparecidos en un Rio, Lago o Mar. Desapariciòn como consecuencia del extravìo, caida, Explosiòn, Naufragio o encalladura de cualquier vehìculo respecto del cual no exista exclusiòn expresa de cobertura. sujeto a sentencia de autoridad competente
A38: ENFERMEDADES GRAVES: Se reconocerá al asegurado como anticipó el porcentaje pactado en la presente póliza, cuando durante la vigencia de este amparo le sea diagnosticada cualquiera de las siguientes enfermedades consideradas como graves: Leucemia, Infarto del Miocardio, Cáncer, Accidente cerebro vascular, Insuficiencia Renal Crónica, Esclerosis múltiple, Cirugía Artero coronaria, trasplante de órganos vitales (Corazón, Pulmones, hígado, Páncreas, medula espinal, riñones, intestino delgado). Gran Quemado, Cancer de Seno,cancer de piel y Prostata, Enfermedad de Hodking, Estado de coma, Anemia aplastica, Traumatismo mayor de cabeza, Alzheimer, Parkinson. Este amparo solo podrá aplicarse a las enfermedades graves cuando estas se manifiestan o sean diagnosticadas por primera vez habiendo transcurrido por lo menos NOVENTA (90) días calendarios contados desde la iniciación de vigencia de este amparo.
A39: CONTINUIDAD DE AMPARO : Como ésta póliza se expide en reemplazo inmediato de otra anterior, La Compañía de Seguros ampara a todas las personas que forman parte del grupo asegurado anterior, sin limitaciones de sus condiciones de salud o su edad, valor asegurado, etc, ni exigencias medicas, otorgando por lo tanto continuidad de cobertura para todo el grupo que viene asegurado en la (s) compañía (s) anterior (es), desde la fecha en la persona ingresó en la (s) póliza (S) contratada (s) por EL ASEGURADO. | H39: =2022-1969 -> 53
A40: CONVENIO PARA EL PLAZO DEL PAGO DE LA PRIMA: No obstante cualquier estipulación en contrario, por la presente cláusula se deja establecido que, de acuerdo con lo estipulado en el artículo 81 de la Ley 45/90 y la Resolución numero 03750 de Diciembre 31/74 de la Superintendencia Financiera, las partes contratantes convienen que las primas causadas por el presente Contrato de seguros y los Certificados o Anexos que se emitan en aplicación al mismo serán pagadas por EL ASEGURADO, mínimo dentro de los NOVENTA (90) días, excepto para soat que será de 30 días contados a partir de la fecha en que el respectivo documento sea recibido en sus oficinas, directamente por la Aseguradora y/o por el intermediario de seguros, quien deberá certificar haber recibido a satisfacción las respectivas pólizas en las condiciones contratadas. Si las pólizas no han sido correctamente elaboradas, el término para el pago solo empezará a contarse desde la fecha en que se presenten en debida forma. La demora en el pago originada por la presentación incorrecta de los documentos requeridos será responsabilidad del contratista y no tendrán por ello derecho al pago de intereses o compensación de ninguna naturaleza o a la aplicación de la terminación del contrato por mora en el pago de la prima.
A41: FORMATO 2 : ACEPTACION CLAUSULAS Y CONDICIONES OBLIGATORIAS
A42: ERRORES Y OMISIONES : Si por una omisión y o error involuntario por parte del tomador y/o asegurado no se reporten nuevos ingresos, variaciones en salarios y/o cualquier otra modificación, la Cia. Aseguradora hará la revisión del caso, procediendo a realizar el ajuste de prima a que haya lugar y al pago de la correspondiente indemnización a que haya lugar, en un todo de acuerdo a las condiciones generales y particulares establecidas en la presente póliza al momento del reclamo
A43: REVOCACIÓN , NO RENOVACIÓN O MODIFICACIONES DE LA PÓLIZA Y SUS ANEXOS: La compañía aseguradora podrá revocar y/o modificar las condiciones de los anexo otorgados bajos las pólizas de grupo vida y grupo deudores Y NO RENOVAR la poliza, mediante aviso escrito al tomador y al asegurado con una anticipación de 90 días. La compañía devolverá el importe de las primas pagadas en forma proporcional, desde la fecha de revocación y/o modificación.
A44: MODIFICACION DEL ESTADO DEL RIESGO: No obstante lo estipulado en las condiciones generales de la póliza y sus anexos, por la presente cláusula se establece una limitación a la obligación que el Asegurado notifique los hechos o circunstancias que agraven el riesgo durante la vigencia del contrato, en el sentido, que la aseguradora solo puede invocarla cuando exista relación de causalidad entre la agravación y el siniestro. Se ampararán automáticamente los riesgos cuya agravación se informe, hasta el pronunciamiento del asegurador en contrario.
A45: CONOCIMIENTO DEL RIESGO: Por medio de la presente cláusula, la (s) Compañía(s) Aseguradora(s) declara (n) que conocen los riesgos y por consiguiente dejan constancia del conocimiento y aceptación de las circunstancias y condiciones de los mismos. En consecuencia de lo anterior, los proponentes no podrán en ningún caso, oponer excepciones, ni formular objeciones fundamentadas en la circunstancia de no haber llevado a cabo las correspondendientes valoraciones o en el desconocimiento de los mismos.
A46: REQUISITOS ESPECIALES: Se deja constancia que se le concedea la entidad un plazo minimo de SESENTA(60) días, para informar o cumplir con cualquier condicion o requisito que se establezca en al poliza, otorgandose en consecuencia cobertura desde la fecha fijada como iniciacion de la vigencia del seguro.
A47: AVISO DE PÉRDIDA 30 DÍAS: No obstante lo dispuesto en las condiciones la Póliza o en sus anexos, por la presente cláusula se conviene entre las partes, un término TREINTA ( 30) días calendario para que el Asegurado de aviso al Asegurador de cualquier evento que afecte a la presente Póliza, contados a partir de la fecha en que haya tenido conocimiento de dicho evento, sin perjuicio de lo establecido en el artículo 1081 del Código de Comercio.
A48: DOMICILIO : Sin perjuicios de las disposiciones procesales para los efectos relacionados con el presente contrato, se fija como domicilio de las partes la ciudad de Armenia, en la República de Colombia.
A49: ADHESION: Si durante la vigencia de este seguro se presentan modificaciones a las condiciones generales y particulares de la póliza, que presenten un beneficio a favor del ASEGURADO, tales modificaciones se consideran automáticamente incorporadas a la póliza siempre que el cambio no implique un aumento en la prima originalmente pactada.
A50: IRREDUCTIBILIDAD: Transcurridos 2 años de la vida del asegurado desde la fecha de perfeccionamiento del contrato, el valor del seguro no podrá ser reducido por causa de error en la declaración de asegurabilidad sin perjuicio en lo establecido en la cláusula de “ERROR EN LA DECLARACIÓN DE EDAD”
A51: INEXACTITUD EN LA DECLARACIÓN DE EDAD: Si respecto a la edad del asegurado se comprobare error en la declaración de asegurabilidad se aplicarán las siguientes normas: a. Si la edad verdadera está fuera de los límites autorizados por la compañía, el contrato quedará sujeto a la sanción prevista en el artículo 1058 del código del comercio b. Si es mayor que la declarada, el seguro se reducirá en la proporción necesaria para que su valor guarde relación matemática con la prima anual percibida por la compañía c. Si es menor el valor del seguro se aumentará en la misma proporción establecida en el literal b anterior.
... A56: CLAUSULAS DE APLICACIÓN DE CONDICIONES PARTICULARES: Queda expresamente acordado y convenido que la compañía acepta las condiciones basicas tecnicas establecidas en este anexo, en los terminos señalados por el mismo, por lo tanto en caso de existir discrepancia entre los ofrecimientos ofrecidos, contenidos en la propuesta tecnica basica frente a los textos ejemplares de las polizas, certificados, anexos o cualquier otro documento prevalecera la informacion y condiciones basicas tecnicas establecidas en el presente anexo.
A57: CLAUSULAS PARTICULARES OPCONALES REQUERIDAS | E57: S / N / D | F57: PUNTOS
A58: COBERTURA PARA PREEXISTENCIAS PARA NUEVOS INGRESOS: | B58: Hasta por un valor asegurado individual máximo $10.000.000 por persona, quedando así amparados sin ningún tipo de exclusión por enfermedades preexistentes, independiente del valor asegurado que se tenga en el amparo básico.
A59: Bajo la cobertura de Enfermedades Graves, se consideran las siguientes | B59: ESCARLATINA
A60: Anexo de Cáncer in Situ | B60: En el evento que se diagnostique cáncer in situ, se indemniza el 25% de la suma asegurada como anticipo del amparo de enfermedades graves | C60: En el evento que se diagnostique cáncer in situ, se indemniza el 25% de la suma asegurada como anticipo del amparo de enfermedades graves | D60: En el evento que se diagnostique cáncer in situ, se indemniza el 25% de la suma asegurada como anticipo del amparo de enfermedades graves
A61: Principio de causalidad | B61: El concepto de reticencia e inexactitud se aplicará respetando el principio de causalidad, es decir se objetará el pago del seguro solamente en aquellos casos en que la muerte o incapacidad se produzca por causas relacionadas directamente con los hechos materia de inexactitud o reticencia en la declaración de asegurabilidad. | C61: El concepto de reticencia e inexactitud se aplicará respetando el principio de causalidad, es decir se objetará el pago del seguro solamente en aquellos casos en que la muerte o incapacidad se produzca por causas relacionadas directamente con los hechos materia de inexactitud o reticencia en la declaración de asegurabilidad. | D61: El concepto de reticencia e inexactitud se aplicará respetando el principio de causalidad, es decir se objetará el pago del seguro solamente en aquellos casos en que la muerte o incapacidad se produzca por causas relacionadas directamente con los hechos materia de inexactitud o reticencia en la declaración de asegurabilidad.
B62: TOTALES | E62: =+F17 | F62: =SUM(F58:F58) -> 0 | G62: =SUM(G58:G58) -> 0
A63: CLAUSULAS PARTICULARES SOLICITADAS : indicar con una S si es aceptada, N si es negada, D si es aceptada con desviaciones, para lo cual debe estipular en el formato de desviaciones el texto propuesto.

Sheet Relacion Vida grupo
A1: ANEXO 9A RELACION DE PERSONAL VIDA GRUPO
A2: TOMADOR: | E2: ='[1]Todo Riesgo Daños Materiales'!B2 -> RED SALUD ARMENIA E.S.E
A3: ASEGURADO: | E3: =E2 -> RED SALUD ARMENIA E.S.E
A4: BENEFICIARIO: | E4: =E2 -> RED SALUD ARMENIA E.S.E
A5: NIT: | E5: ='[1]Todo Riesgo Daños Materiales'!B5 -> 801.001.440-8
A6: PROCESO | E6: CONVOCATORIA PUBLICA No.
A7: POLIZA: | E7: VIDA GRUPO
A8: VIGENCIA: | E8: DESDE EL 03 DE MARZO DE 2024 HASTA EL 02 DE MARZO DE 2025
A9: ITEM | B9: CEDULA | C9: NOMBRE | D9: APELLIDOS | E9: FECHA NACIMIENTO | G9: EDAD | H9: SALARIO BASE | J9: VIDA | K9: INCAPACIDAD TOTAL Y PERMANENTE | L9: INDEMNIZACION ADICIONAL POR MUERTE ACCIDENTAL | M9: ENFERMEDADES GRAVES | N9: AUXILIO FUNERARIO | O9: GASTOS MEDICOS POR ACCIDENTE
A10: 1 | B10: 41915908 | C10: VERONICA MARIA | D10: GIL OTALVARO | E10: 25041 | F10: =TODAY() -> 45680 | G10: =(F10-E10)/365 -> 56.545205 | H10: 3014523 | I10: =H10*1.12 -> 3376265.8 | J10: 20000000 | K10: =J10 -> 20000000 | L10: =J10 -> 20000000 | M10: =J10*50% -> 10000000 | N10: 3000000 | O10: 3000000
A11: 2 | B11: 41892040 | C11: MARIA SOFELIA | D11: ARIAS ARBELAEZ | E11: 21958 | F11: =TODAY() -> 45680 | G11: =(F11-E11)/365 -> 64.991781 | H11: 2815921 | I11: =H11*1.12 -> 3153831.5 | J11: 20000000 | K11: =J11 -> 20000000 | L11: =J11 -> 20000000 | M11: =J11*50% -> 10000000 | N11: 3000000 | O11: 3000000
A12: 3 | B12: 51803129 | C12: SILENA | D12: BOTERO PENAGOS | E12: 23978 | F12: =TODAY() -> 45680 | G12: =(F12-E12)/365 -> 59.457534 | H12: 2559223 | I12: =H12*1.12 -> 2866329.8 | J12: 20000000 | K12: =J12 -> 20000000 | L12: =J12 -> 20000000 | M12: =J12*50% -> 10000000 | N12: 3000000 | O12: 3000000
A13: 4 | B13: 41894552 | C13: MARTHA LUCIA | D13: CHICA RINCON | E13: 22428 | F13: =TODAY() -> 45680 | G13: =(F13-E13)/365 -> 63.70411 | H13: 8437913 | I13: =H13*1.12 -> 9450462.6 | J13: 20000000 | K13: =J13 -> 20000000 | L13: =J13 -> 20000000 | M13: =J13*50% -> 10000000 | N13: 3000000 | O13: 3000000
A14: 5 | B14: 41915870 | C14: YULIETH | D14: CORREA GIRALDO | E14: 25192 | F14: =TODAY() -> 45680 | G14: =(F14-E14)/365 -> 56.131507 | H14: 3014523 | I14: =H14*1.12 -> 3376265.8 | J14: 20000000 | K14: =J14 -> 20000000 | L14: =J14 -> 20000000 | M14: =J14*50% -> 10000000 | N14: 3000000 | O14: 3000000
A15: 6 | B15: 24487364 | C15: ADALGIZA | D15: FRANCO GIL | E15: 20808 | F15: =TODAY() -> 45680 | G15: =(F15-E15)/365 -> 68.142466 | H15: 2296949 | I15: =H15*1.12 -> 2572582.9 | J15: 20000000 | K15: =J15 -> 20000000 | L15: =J15 -> 20000000 | M15: =J15*50% -> 10000000 | N15: 3000000 | O15: 3000000
A16: 7 | B16: 24575534 | C16: RUBIELA | D16: GARCIA MENDOZA | E16: 22721 | F16: =TODAY() -> 45680 | G16: =(F16-E16)/365 -> 62.90137 | H16: 2559226 | I16: =H16*1.12 -> 2866333.1 | J16: 20000000 | K16: =J16 -> 20000000 | L16: =J16 -> 20000000 | M16: =J16*50% -> 10000000 | N16: 3000000 | O16: 3000000
A17: 8 | B17: 19466161 | C17: HUMBERTO | D17: GIRALDO MONROY | E17: 22651 | F17: =TODAY() -> 45680 | G17: =(F17-E17)/365 -> 63.093151 | H17: 2625202 | I17: =H17*1.12 -> 2940226.2 | J17: 20000000 | K17: =J17 -> 20000000 | L17: =J17 -> 20000000 | M17: =J17*50% -> 10000000 | N17: 3000000 | O17: 3000000
A18: 9 | B18: 18462111 | C18: ALVARO DIEGO | D18: GRANADA AGUDELO | E18: 22926 | F18: =TODAY() -> 45680 | G18: =(F18-E18)/365 -> 62.339726 | H18: 3500360 | I18: =H18*1.12 -> 3920403.2 | J18: 20000000 | K18: =J18 -> 20000000 | L18: =J18 -> 20000000 | M18: =J18*50% -> 10000000 | N18: 3000000 | O18: 3000000
A19: 10 | B19: 9806753 | C19: ORLANDO | D19: GRISALES CALDERON | E19: 24500 | F19: =TODAY() -> 45680 | G19: =(F19-E19)/365 -> 58.027397 | H19: 2195801 | I19: =H20*1.12 -> 6490542.2 | J19: 20000000 | K19: =J19 -> 20000000 | L19: =J19 -> 20000000 | M19: =J19*50% -> 10000000 | N19: 3000000 | O19: 3000000
A20: 11 | B20: 41922219 | C20: NANCY STELLA | D20: HERNANDEZ BOLAÑOS | E20: 26054 | F20: =TODAY() -> 45680 | G20: =(F20-E20)/365 -> 53.769863 | H20: 5795127 | I20: =#REF!*1.12 -> #REF! | J20: 20000000 | K20: =J20 -> 20000000 | L20: =J20 -> 20000000 | M20: =J20*50% -> 10000000 | N20: 3000000 | O20: 3000000
A21: 12 | B21: 25017542 | C21: MARTHA SOFIA | D21: HERRERA LOPEZ | E21: 22278 | F21: =TODAY() -> 45680 | G21: =(F21-E21)/365 -> 64.115068 | H21: 2459303 | I21: =H21*1.12 -> 2754419.4 | J21: 20000000 | K21: =J21 -> 20000000 | L21: =J21 -> 20000000 | M21: =J21*50% -> 10000000 | N21: 3000000 | O21: 3000000
A22: 13 | B22: 41911238 | C22: JEANNETHE | D22: JIMENEZ VEGA | E22: 24383 | F22: =TODAY() -> 45680 | G22: =(F22-E22)/365 -> 58.347945 | H22: 3014523 | I22: =H22*1.12 -> 3376265.8 | J22: 20000000 | K22: =J22 -> 20000000 | L22: =J22 -> 20000000 | M22: =J22*50% -> 10000000 | N22: 3000000 | O22: 3000000
A23: 14 | B23: 41918374 | C23: MARTHA PATRICIA | D23: LOPEZ VEGA | E23: 24991 | F23: =TODAY() -> 45680 | G23: =(F23-E23)/365 -> 56.682192 | H23: 3014523 | I23: =H23*1.12 -> 3376265.8 | J23: 20000000 | K23: =J23 -> 20000000 | L23: =J23 -> 20000000 | M23: =J23*50% -> 10000000 | N23: 3000000 | O23: 3000000
A24: 15 | B24: 41899069 | C24: DEICY | D24: MARTINEZ BUSTAMANTE | E24: 22506 | F24: =TODAY() -> 45680 | G24: =(F24-E24)/365 -> 63.490411 | H24: 3014523 | I24: =H24*1.12 -> 3376265.8 | J24: 20000000 | K24: =J24 -> 20000000 | L24: =J24 -> 20000000 | M24: =J24*50% -> 10000000 | N24: 3000000 | O24: 3000000
A25: 16 | B25: 18503607 | C25: LEONARDO | D25: MARTINEZ VALENCIA | E25: 23505 | F25: =TODAY() -> 45680 | G25: =(F25-E25)/365 -> 60.753425 | H25: 2559223 | I25: =H25*1.12 -> 2866329.8 | J25: 20000000 | K25: =J25 -> 20000000 | L25: =J25 -> 20000000 | M25: =J25*50% -> 10000000 | N25: 3000000 | O25: 3000000
A26: 17 | B26: 25020057 | C26: MARIA BERENICE | D26: MERA SANCHEZ | E26: 24650 | F26: =TODAY() -> 45680 | G26: =(F26-E26)/365 -> 57.616438 | H26: 2459303 | I26: =H26*1.12 -> 2754419.4 | J26: 20000000 | K26: =J26 -> 20000000 | L26: =J26 -> 20000000 | M26: =J26*50% -> 10000000 | N26: 3000000 | O26: 3000000
A27: 18 | B27: 41913316 | C27: LUZ MERY | D27: MONSALVE AGUDELO | E27: 28461 | F27: =TODAY() -> 45680 | G27: =(F27-E27)/365 -> 47.175342 | H27: 2459303 | I27: =H27*1.12 -> 2754419.4 | J27: 20000000 | K27: =J27 -> 20000000 | L27: =J27 -> 20000000 | M27: =J27*50% -> 10000000 | N27: 3000000 | O27: 3000000
A28: 19 | B28: 7215794 | C28: WILLIAM ARTURO | D28: MORALES MENDOZA | E28: 21666 | F28: =TODAY() -> 45680 | G28: =(F28-E28)/365 -> 65.791781 | H28: 3014523 | I28: =H28*1.12 -> 3376265.8 | J28: 20000000 | K28: =J28 -> 20000000 | L28: =J28 -> 20000000 | M28: =J28*50% -> 10000000 | N28: 3000000 | O28: 3000000
A29: 20 | B29: 7556695 | C29: JAIRO ALBERTO | D29: MORENO CARRILLO | E29: 25376 | F29: =TODAY() -> 45680 | G29: =(F29-E29)/365 -> 55.627397 | H29: 8437913 | I29: =H29*1.12 -> 9450462.6 | J29: 20000000 | K29: =J29 -> 20000000 | L29: =J29 -> 20000000 | M29: =J29*50% -> 10000000 | N29: 3000000 | O29: 3000000
A30: 21 | B30: 41895054 | C30: LIA ESNEDA | D30: MUÑOZ CRUZ | E30: 22306 | F30: =TODAY() -> 45680 | G30: =(F30-E30)/365 -> 64.038356 | H30: 4218889 | I30: =H30*1.12 -> 4725155.7 | J30: 20000000 | K30: =J30 -> 20000000 | L30: =J30 -> 20000000 | M30: =J30*50% -> 10000000 | N30: 3000000 | O30: 3000000
A31: 22 | B31: 41894789 | C31: BLANCA RUTH | D31: MUÑOZ VIEDMA | E31: 22349 | F31: =TODAY() -> 45680 | G31: =(F31-E31)/365 -> 63.920548 | H31: 3484138 | I31: =H31*1.12 -> 3902234.6 | J31: 20000000 | K31: =J31 -> 20000000 | L31: =J31 -> 20000000 | M31: =J31*50% -> 10000000 | N31: 3000000 | O31: 3000000
A32: 23 | B32: 7554467 | C32: ERNEY | D32: ORTIZ PANESO | E32: 24254 | F32: =TODAY() -> 45680 | G32: =(F32-E32)/365 -> 58.70137 | H32: 2459303 | I32: =H32*1.12 -> 2754419.4 | J32: 20000000 | K32: =J32 -> 20000000 | L32: =J32 -> 20000000 | M32: =J32*50% -> 10000000 | N32: 3000000 | O32: 3000000
... A107: 98 | B107: 24605566 | C107: LUZ DANELLY | D107: GALINDO TORRES | E107: 28812 | F107: =TODAY() -> 45680 | G107: =(F107-E107)/365 -> 46.213699 | H107: 2459292 | I107: =H107*1.12 -> 2754407 | J107: 20000000 | K107: =J107 -> 20000000 | L107: =J107 -> 20000000 | M107: =J107*50% -> 10000000 | N107: 3000000 | O107: 3000000
A108: 99 | B108: 41936945 | C108: PAOLA ANDREA | D108: LOPEZ CAIDEDO | E108: 28056 | F108: =TODAY() -> 45680 | G108: =(F108-E108)/365 -> 48.284932 | H108: 3484138 | I108: =H109*1.12 -> 3902234.6 | J108: 20000000 | K108: =J108 -> 20000000 | L108: =J108 -> 20000000 | M108: =J108*50% -> 10000000 | N108: 3000000 | O108: 3000000
A109: 100 | B109: 18413832 | C109: JOSE ROBERTO | D109: ROSALES LOPEZ | E109: 24984 | F109: =TODAY() -> 45680 | G109: =(F109-E109)/365 -> 56.70137 | H109: 3484138 | I109: =#REF!*1.12 -> #REF! | J109: 20000000 | K109: =J109 -> 20000000 | L109: =J109 -> 20000000 | M109: =J109*50% -> 10000000 | N109: 3000000 | O109: 3000000
A110: 101 | B110: 9729722 | C110: BLADIMIR | D110: SOTO MUÑOZ | E110: 29946 | F110: =TODAY() -> 45680 | G110: =(F110-E110)/365 -> 43.106849 | H110: 4218889 | J110: 20000000 | K110: =J110 -> 20000000 | L110: =K110 -> 20000000 | M110: =J110*50% -> 10000000 | N110: 3000000 | O110: 3000000
A111: 102 | B111: 9772887 | C111: ALVARO MANUEL | D111: ALVARADO SARMIENTO | E111: 31232 | F111: =TODAY() -> 45680 | G111: =(F111-E111)/365 -> 39.583562 | H111: 8012466 | J111: 20000000 | K111: =J111 -> 20000000 | L111: =K111 -> 20000000 | M111: =J111*50% -> 10000000 | N111: 3000000 | O111: 3000000
A112: 103 | B112: 41963690 | C112: LINA MARIA | D112: GIL TOVAR | E112: 31364 | F112: =TODAY() -> 45680 | G112: =(F112-E112)/365 -> 39.221918 | H112: 8653568 | J112: 20000000 | K112: =J112 -> 20000000 | L112: =K112 -> 20000000 | M112: =J112*50% -> 10000000 | N112: 3000000 | O112: 3000000
A113: 104 | B113: 1094930173 | C113: LUISA FERNANDA | D113: HERNANDEZ PERAFAN | E113: 33855 | F113: =TODAY() -> 45680 | G113: =(F113-E113)/365 -> 32.39726 | H113: 3500360 | J113: 20000000 | K113: =J113 -> 20000000 | L113: =K113 -> 20000000 | M113: =J113*50% -> 10000000 | N113: 3000000 | O113: 3000000
A114: 105 | B114: 4375612 | C114: RUBIEL BLADIMIR | D114: MORALES CORREA | E114: 29961 | F114: =TODAY() -> 45680 | G114: =(F114-E114)/365 -> 43.065753 | H114: 8172775 | J114: 20000000 | K114: =J114 -> 20000000 | L114: =K114 -> 20000000 | M114: =J114*50% -> 10000000 | N114: 3000000 | O114: 3000000
A115: 106 | B115: 1094905148 | C115: DIANA MARCELA | D115: OSORIO SALGADO | E115: 32623 | F115: =TODAY() -> 45680 | G115: =(F115-E115)/365 -> 35.772603 | H115: 3500360 | J115: 20000000 | K115: =J115 -> 20000000 | L115: =K115 -> 20000000 | M115: =J115*50% -> 10000000 | N115: 3000000 | O115: 3000000
A116: 107 | B116: 41930292 | C116: LUZ ANGELA | D116: MONTENEGRO REYES | E116: 27206 | F116: =TODAY() -> 45680 | G116: =(F116-E116)/365 -> 50.613699 | H116: 2627792 | J116: 20000000 | K116: =J116 -> 20000000 | L116: =K116 -> 20000000 | M116: =J116*50% -> 10000000 | N116: 3000000 | O116: 3000000
A117: 108 | B117: 24995601 | C117: LUZ MARINA | D117: ZAPATA RESTREPO | E117: 24200 | F117: =TODAY() -> 45680 | G117: =(F117-E117)/365 -> 58.849315 | H117: 8012466 | J117: 20000000 | K117: =J117 -> 20000000 | L117: =K117 -> 20000000 | M117: =J117*50% -> 10000000 | N117: 3000000 | O117: 3000000
A118: 109 | B118: 7521254 | C118: NORBERTO | D118: HERNANDEZ RODAS | E118: 21187 | F118: =TODAY() -> 45680 | G118: =(F118-E118)/365 -> 67.10411 | H118: 1958336 | J118: 20000000 | K118: =J118 -> 20000000 | L118: =K118 -> 20000000 | M118: =J118*50% -> 10000000 | N118: 3000000 | O118: 3000000
A119: 110 | B119: 18413452 | C119: JORGE HERNAN | D119: RODRIGUEZ LOAIZA | E119: 24637 | F119: =TODAY() -> 45680 | G119: =(F119-E119)/365 -> 57.652055 | H119: 1958336 | J119: 20000000 | K119: =J119 -> 20000000 | L119: =K119 -> 20000000 | M119: =J119*50% -> 10000000 | N119: 3000000 | O119: 3000000
A120: 111 | B120: 1093223606 | C120: YESICA MARIA | D120: CASTAÑO VELEZ | E120: 34390 | F120: =TODAY() -> 45680 | G120: =(F120-E120)/365 -> 30.931507 | H120: 2459303 | J120: 20000000 | K120: =J120 -> 20000000 | L120: =K120 -> 20000000 | M120: =J120*50% -> 10000000 | N120: 3000000 | O120: 3000000
A121: 112 | B121: 28951784 | C121: KATHERINE NATALYE | D121: CAICEDO GONZALEZ | E121: 30624 | F121: =TODAY() -> 45680 | G121: =(F121-E121)/365 -> 41.249315 | H121: 4218889 | J121: 20000000 | K121: =J121 -> 20000000 | L121: =K121 -> 20000000 | M121: =J121*50% -> 10000000 | N121: 3000000 | O121: 3000000
... A129: 120 | B129: 1094935222 | C129: ANGY STEFAN | D129: MARULANDA MARIN | E129: 30466 | F129: =TODAY() -> 45680 | G129: =(F129-E129)/365 -> 41.682192 | H129: 5795127 | J129: 20000000 | K129: =J129 -> 20000000 | L129: =K129 -> 20000000 | M129: =J129*50% -> 10000000 | N129: 3000000 | O129: 3000000
A130: 121 | B130: 1094952520 | C130: VALENTINA | D130: ACUÑA GOMEZ | E130: 34996 | F130: =TODAY() -> 45680 | G130: =(F130-E130)/365 -> 29.271233 | H130: 3014523 | J130: 20000000 | K130: 20000000 | L130: 20000000 | M130: =J130*50% -> 10000000 | N130: 3000000 | O130: 3000000
A131: 122 | B131: 1094968960 | C131: MARIA ANTONIA | D131: PERDOMO GARCIA | E131: 35962 | F131: =TODAY() -> 45680 | G131: =(F131-E131)/365 -> 26.624658 | H131: 4218889 | J131: 20000000 | K131: 20000000 | L131: 20000000 | M131: =J131*50% -> 10000000 | N131: 3000000 | O131: 3000000
A132: 123 | B132: 41941757 | C132: ANGELA MARIA | D132: VALENCIA CASTILLO | E132: 28784 | F132: =TODAY() -> 45680 | G132: =(F132-E132)/365 -> 46.290411 | H132: 3014523 | J132: 20000000 | K132: 20000000 | L132: 20000000 | M132: =J132*50% -> 10000000 | N132: 3000000 | O132: 3000000
A133: 124 | B133: 1094900259 | C133: YENIFFER JHOANA | D133: TAPIERO | E133: 32365 | F133: =TODAY() -> 45680 | G133: =(F133-E133)/365 -> 36.479452 | H133: 5795127 | J133: 20000000 | K133: 20000000 | L133: 20000000 | M133: =J133*50% -> 10000000 | N133: 3000000 | O133: 3000000
A134: 125 | B134: 1094957386 | C134: VALENTINA | D134: RODRIGUEZ JARAMILLO | E134: 35275 | F134: =TODAY() -> 45680 | G134: =(F134-E134)/365 -> 28.506849 | H134: 2625202 | J134: 20000000 | K134: 20000000 | L134: 20000000 | M134: =J134*50% -> 10000000 | N134: 3000000 | O134: 3000000
J135: =SUM(J10:J134) -> 2500000000 | K135: =SUM(K10:K134) -> 2500000000 | L135: =SUM(L10:L134) -> 2500000000 | M135: =SUM(M10:M134) -> 1250000000 | N135: =SUM(N10:N134) -> 375000000 | O135: =SUM(O10:O134) -> 375000000
